 Dungeon Crawl Stone Soup version 0.31-a0-408-gb642c7f (webtiles) character file.

Game seed: 3094786341638106674

20297227 PurpleRed the Axe Maniac (level 27, 273/273 HPs)
             Began as a Minotaur Shapeshifter on July 29, 2023.
             Was the Champion of Okawaru.
             Escaped with the Orb
             ... and 15 runes!
             The game lasted 04:18:58 (75468 turns).

PurpleRed the Axe Maniac (Minotaur Shapeshifter)   Turns: 75468, Time: 04:18:59

Health: 273/273    AC: 49    Str: 41    XL:     27
Magic:  39/39      EV: 29    Int:  7    God:    Okawaru [******]
Gold:   13785      SH: 24    Dex: 19    Spells: 26/26 levels left

rFire   + + +        e - +9 broad axe (freeze)
rCold   + + .        b - +1 kite shield "Uveg" {Will+ Str+4 Slay+2}
rNeg    + + +        D - +9 gold dragon scales
rPois   ∞            G - +3 crown of Dyrovepreva {rElec Int+2 SInv}
rElec   +            T - +1 cloak "Ledwofugh" {Str+3 Dex+5}
rCorr   +            Z - +0 pair of gloves "Gedweib" {Will+ Regen+}
SInv    +            q - +3 pair of seven-league boots {Rampage+∞}
Will    +++++        x - amulet of Oprys Vusm {rF++ Regen+ Str+3} Stlth
                     d - ring "Judghoufa" {Contam rPois rCorr EV+5 Slay+6}
HPRegen 3.05/turn    F - ring "Homamirch" {Fly SInv}
MPRegen 0.26/turn

%: rampage+∞
@: death-form, flying, studying 8 skills
A: vile attack, torment immunity, no potions, horns 2, retaliatory headbutt,
large bone plates 1, regeneration 1
0: Orb of Zot
}: 15/15 runes: barnacled, slimy, silver, golden, iron, obsidian, icy, bone,
abyssal, demonic, glowing, magical, fiery, dark, gossamer
a: Siphon Essence, Begin Untransformation, Renounce Religion, Heroism, Finesse,
Duel


You escaped.
You worshipped Okawaru.
Okawaru was exalted by your worship.
You were an undying horror.
You visited 18 branches of the dungeon, and saw 85 of its levels.
You visited Pandemonium 1 time, and saw 15 of its levels.
You visited the Abyss 1 time.
You visited 1 bazaar.
You completed 1 ziggurat, and saw 27 of its levels.
You also visited: Ossuary and Bailey.

You collected 20301 gold pieces.
You spent 6516 gold pieces at shops.

Inventory:

Hand Weapons
 a - the +3 Elemental Staff {rElec rF+ rC+ AC+3}
   (You found it on level 26 of a ziggurat)

   It enhances your fire, ice, earth and air magic.
   AC:        It affects your AC (+3).
   rF:        It protects you from fire.
   rC:        It protects you from cold.
   rElec:     It insulates you from electricity.
 e - a +9 broad axe of freezing (weapon)
 h - the +16 obsidian axe {drain, demonic, Mesm Drain Fly SInv}
   (You found it on level 15 of a ziggurat)

   Mesm:      Its wielder is mesmerised by any visible foes, and it cannot be
   unequipped while any foes are visible.
   SInv:      It lets you see invisible.
   Fly:       It grants you flight.
   Drain:     It drains your maximum health when unequipped.
 r - the +6 arbalest "Damnation" {damnation}
   (You found it on level 23 of a ziggurat)
 v - a +9 broad axe of flaming
 I - the +8 frozen axe "Frostbite" {freeze, freezing cloud, *Noise Fly rC+}
   (You found it on level 13 of a ziggurat)

   rC:        It protects you from cold.
   Fly:       It grants you flight.
   *Noise:    It may make noises in combat.
 K - the +5 broad axe of Theory {antimagic, rPois rF- Dex+6}
   (You found it on level 15 of the Dungeon)

   Dex:       It affects your dexterity (+6).
   rF:        It makes you vulnerable to fire.
   rPois:     It protects you from poison.
 V - the +1 broad axe "Wifas" {speed, Fly Dex+5}
   (Okawaru gifted it to you on level 3 of Gehenna)

   Dex:       It affects your dexterity (+5).
   Fly:       It grants you flight.
Missiles
 y - 9 curare-tipped darts
 S - 20 silver javelins (quivered)
Armour
 b - the +1 kite shield "Uveg" (worn) {Will+ Str+4 Slay+2}
   (Okawaru gifted it to you on level 2 of the Depths)

   Str:       It affects your strength (+4).
   Slay:      It affects your accuracy & damage with ranged weapons and melee
   (+2).
   Will:      It increases your willpower.
 c - a +2 cloak of willpower
 f - the +18 shield of the Gong {Loud rN+ Will+ rCorr EV-5}
   (Okawaru gifted it to you on level 1 of the Tomb of the Ancients)

   Loud:      It is deafeningly noisy when blocking attacks.
   EV:        It affects your evasion (-5).
   rN:        It protects you from negative energy.
   rCorr:     It protects you from acid and corrosion.
   Will:      It increases your willpower.
 o - the +2 pair of gloves of the Present {Str+5}
   (You found it on level 2 of the Vaults)

   Str:       It affects your strength (+5).
 q - the +3 pair of seven-league boots (worn) {Rampage+∞}
   (You found it on level 3 of the Tomb of the Ancients)

   Rampage+∞: When moving toward enemies, its wearer moves as far as possible,
   alerting their target en route.
 D - +9 gold dragon scales (worn)
 G - the +3 crown of Dyrovepreva (worn) {rElec Int+2 SInv}
   (You found it on level 7 of Gehenna)

   Int:       It affects your intelligence (+2).
   rElec:     It insulates you from electricity.
   SInv:      It lets you see invisible.
 P - the +4 tower shield "Kexat" {rElec}
   (You took it off a daeva in Pandemonium)

   rElec:     It insulates you from electricity.
 T - the +1 cloak "Ledwofugh" (worn) {Str+3 Dex+5}
   (Okawaru gifted it to you on level 7 of Tartarus)

   Str:       It affects your strength (+3).
   Dex:       It affects your dexterity (+5).
 Z - the +0 pair of gloves "Gedweib" (worn) {Will+ Regen+}
   (Okawaru gifted it to you on level 2 of the Vaults)

   Regen:     It increases your rate of health regeneration.
   Will:      It increases your willpower.
Jewellery
 d - the ring "Judghoufa" (left hand) {Contam rPois rCorr EV+5 Slay+6}
   (You bought it in a shop in a bazaar)

   [ring of evasion]

   EV:        It affects your evasion (+5).
   Slay:      It affects your accuracy & damage with ranged weapons and melee
   (+6).
   rPois:     It protects you from poison.
   Contam:    It causes magical contamination when unequipped.
   rCorr:     It protects you from acid and corrosion.
 g - the ring of Riki {Dex+4 Slay+4 SInv}
   (You found it on level 7 of Gehenna)

   [ring of slaying]

   Dex:       It affects your dexterity (+4).
   Slay:      It affects your accuracy & damage with ranged weapons and melee
   (+4).
   SInv:      It lets you see invisible.
 x - the amulet of Oprys Vusm (around neck) {rF++ Regen+ Str+3}
   (You bought it in a shop on level 3 of the Dungeon)

   [amulet of regeneration]

   Str:       It affects your strength (+3).
   rF:        It greatly protects you from fire.
   Regen:     It increases your rate of health regeneration.
 F - the ring "Homamirch" (right hand) {Fly SInv}
   (You found it on level 26 of a ziggurat)

   [ring of flight]

   SInv:      It lets you see invisible.
   Fly:       It grants you flight.
 L - the ring of Jehiosut {rF++ Will+ rCorr Dex-2 Slay+3}
   (You found it on level 27 of a ziggurat)

   [ring of resist corrosion]

   Dex:       It affects your dexterity (-2).
   Slay:      It affects your accuracy & damage with ranged weapons and melee
   (+3).
   rF:        It greatly protects you from fire.
   rCorr:     It protects you from acid and corrosion.
   Will:      It increases your willpower.
 Q - the ring of the Quick God {rC+ Slay+4}
   (You bought it in a shop on level 2 of the Orcish Mines)

   [ring of slaying]

   Slay:      It affects your accuracy & damage with ranged weapons and melee
   (+4).
   rC:        It protects you from cold.
 U - the ring of Asaeclit {rF+ rC++ MP+9 Str-4 Int+3}
   (You found it on level 25 of a ziggurat)

   [ring of protection from fire]

   Str:       It affects your strength (-4).
   Int:       It affects your intelligence (+3).
   rF:        It protects you from fire.
   rC:        It greatly protects you from cold.
   MP:        It affects your magic capacity (+9).
Talismans
 J - a storm talisman
 M - a talisman of death
Wands
 p - a wand of digging (69)
 O - a wand of iceblast (88)
Scrolls
 i - 22 scrolls of fog
 j - a scroll of torment
 k - 54 scrolls of teleportation
 s - 8 scrolls of blinking
 t - 5 scrolls of revelation
 N - 10 scrolls of silence
Potions
 l - 18 potions of heal wounds
 m - 13 potions of brilliance
 n - 12 potions of enlightenment
 w - 7 potions of attraction
 z - 7 potions of invisibility
 A - 11 potions of magic
 B - 7 potions of might
 C - 8 potions of ambrosia
 E - 43 potions of curing
 H - 20 potions of cancellation
 R - 7 potions of resistance
 W - 19 potions of mutation
 X - 12 potions of haste
 Y - 3 potions of berserk rage
Miscellaneous
 u - 2 +1 figurines of a ziggurat


   Skills:
 O Level 27 Fighting
 O Level 27 Axes
 - Level 20.0 Throwing
 O Level 27 Armour
 O Level 27 Dodging
 + Level 19.4 Stealth
 O Level 27 Shields
 - Level 3.2 Unarmed Combat
 O Level 27 Invocations
 O Level 27 Shapeshifting


You had 26 spell levels left.
You didn't know any spells.
Your spell library contained the following spells:

 Spells                   Type           Power      Damage    Failure   Level
 Apportation              Tloc           0%         N/A       85%         1
 Foxfire                  Conj/Fire      0%         2x1d4     85%         1
 Freeze                   Ice            0%         1d3       85%         1
 Kiss of Death            Conj/Necr      0%         2d5       85%         1
 Magic Dart               Conj           0%         1d3       85%         1
 Necrotise                Necr           0%         1d4       85%         1
 Sandblast                Erth           0%         2d4       85%         1
 Shock                    Conj/Air       0%         1d3       85%         1
 Slow                     Hex            0%         N/A       85%         1
 Sting                    Tmut/Pois      0%         1d3       85%         1
 Blink                    Tloc           0%         N/A       94%         2
 Cigotuvi's Dreadful Rot  Necr/Pois/Air  0%         N/A       94%         2
 Ensorcelled Hibernation  Hex/Ice        0%         N/A       94%         2
 Lesser Beckoning         Tloc           0%         N/A       94%         2
 Momentum Strike          Conj/Tloc      0%         3d8       94%         2
 Passwall                 Tmut/Erth      0%         N/A       94%         2
 Poisonous Vapours        Pois/Air       0%         N/A       94%         2
 Scorch                   Fire           0%         2d5       94%         2
 Searing Ray              Conj           0%         2d4       94%         2
 Static Discharge         Conj/Air       0%         2-2/arc   94%         2
 Sublimation of Blood     Necr           0%         N/A       94%         2
 Wereblood                Tmut           0%         N/A       94%         2
 Confusing Touch          Hex            0%         N/A       99%         3
 Dazzling Flash           Conj/Hex       0%         N/A       99%         3
 Frozen Ramparts          Ice            0%         1d1       99%         3
 Gell's Gravitas          Tloc           0%         N/A       99%         3
 Hailstorm                Conj/Ice       0%         3d3       99%         3
 Ignite Poison            Fire/Tmut/Pois 0%         N/A       99%         3
 Inner Flame              Hex/Fire       0%         N/A       99%         3
 Mephitic Cloud           Conj/Pois/Air  0%         N/A       99%         3
 Ozocubu's Armour         Ice            0%         N/A       99%         3
 Portal Projectile        Hex/Tloc       0%         N/A       99%         3
 Stone Arrow              Conj/Erth      0%         3d7       99%         3
 Swiftness                Air            0%         N/A       99%         3
 Teleport Other           Tloc           0%         N/A       99%         3
 Vampiric Draining        Necr           0%         2d6       99%         3
 Vhi's Electric Charge    Tloc/Air       0%         N/A       99%         3
 Volatile Blastmotes      Fire/Tloc      0%         2d10      99%         3
 Airstrike                Air            0%         2d(0-16)  100%        4
 Anguish                  Hex/Necr       0%         N/A       100%        4
 Cause Fear               Hex            0%         N/A       100%        4
 Dispel Undead            Necr           0%         3d6       100%        4
 Flame Wave               Conj/Fire      0%         2d4       100%        4
 Fulminant Prism          Conj/Hex       0%         3d5       100%        4
 Iskenderun's Mystic Bla  Conj/Tloc      0%         2d3       100%        4
 Leda's Liquefaction      Hex/Erth       0%         N/A       100%        4
 Manifold Assault         Tloc           0%         N/A       100%        4
 Olgreb's Toxic Radiance  Pois           0%         N/A       100%        4
 Passage of Golubria      Tloc           0%         N/A       100%        4
 Petrify                  Tmut/Erth      0%         N/A       100%        4
 Sticky Flame             Conj/Fire      0%         2d3       100%        4
 Agony                    Necr           0%         N/A       100%        5
 Alistair's Intoxication  Tmut/Pois      0%         N/A       100%        5
 Arcjolt                  Conj/Air       0%         1d10      100%        5
 Borgnjor's Vile Clutch   Necr/Erth      0%         N/A       100%        5
 Fireball                 Conj/Fire      0%         3d3       100%        5
 Freezing Cloud           Conj/Ice/Air   0%         6-21      100%        5
 Irradiate                Conj/Tmut      0%         3d11      100%        5
 Iskenderun's Battlesphe  Conj           0%         2d6       100%        5
 Lee's Rapid Deconstruct  Erth           0%         3d4*      100%        5
 Metabolic Englaciation   Hex/Ice        0%         N/A       100%        5
 Silence                  Hex/Air        0%         N/A       100%        5
 Yara's Violent Unravell  Hex/Tmut       0%         3d3       100%        5
 Conjure Ball Lightning   Conj/Air       0%         3x3d6     100%        6
 Dispersal                Tloc           0%         N/A       100%        6
 Eringya's Noxious Bog    Tmut/Pois      0%         4d6       100%        6
 Leda's Unmaking          Conj/Erth      0%         9d1       100%        6
 Plasma Beam              Fire/Air       0%         2x1d10    100%        6
 Starburst                Conj/Fire      0%         6d3       100%        6
 Enfeeble                 Hex            0%         N/A       100%        7
 Orb of Destruction       Conj           0%         9d5       100%        7
 Ozocubu's Refrigeration  Ice            0%         4d7       100%        7
 Borgnjor's Revivificati  Necr           0%         N/A       100%        8
 Discord                  Hex            0%         N/A       100%        8
 Disjunction              Tloc           0%         N/A       100%        8
 Ignition                 Fire           0%         3d3       100%        8
 Lehudib's Crystal Spear  Conj/Erth      0%         10d2      100%        8
 Maxwell's Capacitive Co  Air            0%         ∞         100%        8
 Chain Lightning          Conj/Air       0%         N/A       100%        9
 Death's Door             Necr           0%         N/A       100%        9
 Fire Storm               Conj/Fire      0%         5d1       100%        9
 Polar Vortex             Ice            0%         N/A       100%        9
 Shatter                  Erth           0%         3d5*      100%        9
 Summon Small Mammal      Summ           Unusable   N/A       N/A         1
 Call Imp                 Summ           Unusable   N/A       N/A         2
 Call Canine Familiar     Summ           Unusable   N/A       N/A         3
 Summon Guardian Golem    Hex/Summ       Unusable   N/A       N/A         3
 Tukima's Dance           Hex            Unusable   N/A       N/A         3
 Animate Dead             Necr           Unusable   N/A       N/A         4
 Summon Lightning Spire   Summ/Air       Unusable   N/A       N/A         4
 Summon Forest            Summ/Tloc      Unusable   N/A       N/A         5
 Summon Mana Viper        Hex/Summ       Unusable   N/A       N/A         5
 Death Channel            Necr           Unusable   N/A       N/A         6
 Simulacrum               Ice/Necr       Unusable   N/A       N/A         6
 Summon Cactus Giant      Summ           Unusable   N/A       N/A         6
 Haunt                    Necr/Summ      Unusable   N/A       N/A         7
 Spellforged Servitor     Conj/Summ      Unusable   N/A       N/A         7
 Summon Hydra             Summ           Unusable   N/A       N/A         7
 Infestation              Necr           Unusable   N/A       N/A         8
 Dragon's Call            Summ           Unusable   N/A       N/A         9

Dungeon Overview and Level Annotations

Branches:
Dungeon (15/15)            Temple (1/1) D:6            Lair (5/5) D:11
 Shoals (4/4) Lair:2       Spider (4/4) Lair:2        Slime (5/5) Lair:4
    Orc (2/2) D:10            Elf (3/3) Orc:2        Vaults (5/5) D:14
  Crypt (3/3) Vaults:3       Tomb (3/3) Crypt:3      Depths (4/4) D:15
   Hell (visited)             Dis (7/7) Hell            Geh (7/7) Hell
    Coc (7/7) Hell            Tar (7/7) Hell            Zot (5/5) Depths:4
Ossuary (visited)          Bailey (visited)

Altars:
Ashenzari
Cheibriados
Dithmenos
Elyvilon
Fedhas
Gozag
Hepliaklqana
Kikubaaqudgha
Makhleb
Nemelex Xobeh
Okawaru
Qazlal
Ru
Sif Muna
Trog
Uskayaw
Vehumet
Wu Jian
Xom
Yredelemnul
Zin
The Shining One
Lugonu

Shops:
D:3 =   D:10 *   Orc:1 *   Orc:2 ([*=   Elf:2 ([   Shoals:4 *   Vaults:2 =
Vaults:5 ?!   Depths:1 !**(   Depths:3 [

Portals:
Hell: Depths:1 Depths:2 Depths:3 Depths:4
Abyss: Lair:5 Depths:3
Pandemonium: Depths:2

Annotations:
Depths:1 4 transporters


Innate Abilities, Weirdness & Mutations

You are an undying horror.
Your melee and unarmed attacks drain, slow and weaken victims.
You are immune to unholy pain and torment.
You cannot drink.
You are immune to poison.
You have a pair of horns on your head.
You reflexively headbutt those who attack you in melee.
You are partially covered in large bone plates. (SH +4)
Your natural rate of healing is unusually fast.


Message History

No target in view!
(D) Dungeon (T) Temple (L) Lair (A) Shoals (N) Spider Nest (M) Slime Pits (O) Orcish Mines (E) Elven Halls (V) Vaults (C) Crypt (W) Tomb (U) Depths (H) Hell (I) Dis (G) Gehenna (X) Cocytus (Y) Tartarus (Z) Zot
Where to? (Enter - D:1, ? - help)
There is a stone staircase leading up here.
You fly upwards.
There is a stone staircase leading down here.
A red devil comes into view. It is wielding a +0 trident.
You stride towards the red devil!
You closely miss the red devil. You headbutt the red devil!!
The red devil is severely wounded.
You completely miss the red devil. You headbutt the red devil!
You kill the red devil!
Okawaru accepts your kill.
No target in view!
No target in view!
No target in view!
No target in view!
No target in view!
No target in view!
No target in view!
No target in view!
No target in view!
No target in view!
No target in view!
No target in view!
(D) Dungeon (T) Temple (L) Lair (A) Shoals (N) Spider Nest (M) Slime Pits (O) Orcish Mines (E) Elven Halls (V) Vaults (C) Crypt (W) Tomb (U) Depths (H) Hell (I) Dis (G) Gehenna (X) Cocytus (Y) Tartarus (Z) Zot
Where to? (Enter - D:1 @ (x,y), ? - help)
There is an open door here.
You reach down and open the door.
There is an open door here.
There is a staircase leading out of the dungeon here.
You have escaped!

#.# #.......# #....... #.#
#.......# #......[ #.######
##...#### #....... .......# #...#
######.. ....##.# ##### #####..
....##.# #.^.... ....##.#
######### #.####. ....'..#
##.......## #.####.
....########....z....######......
....###...................#######
....##...⌠....##'##....⌠...# #
....##........#...#........# #
....##........'8.8+........# #
....############'############# #
......# #.............# #####.#
#.###########.# #####.#### #.#
###.####


There were no monsters in sight!

Vanquished Creatures
  Cerebov (Pan)
  Asmodeus (Geh:7)
  the Royal Jelly (Slime:5)
  Antaeus (Coc:7)
  Ereshkigal (Tar:7)
  Dissolution (Slime:5)
  Gloorx Vloq (Pan)
  the Serpent of Hell (Coc:7)
  Lom Lobon (Pan)
  Mnoleg (Pan)
  A seraph (Pan)
  Dispater (Dis:7)
  Khufu (Tomb:1)
  6 dread liches
  4 orbs of fire
  6 ancient liches
  Mara (Depths:2)
  6 juggernauts
  The ghost of Goucveuvu the Warrior, a veteran CeHu of the Shining One (Crypt:3)
  Josephina (Crypt:3)
  39 royal mummies
  11 shard shrikes
  Bai Suzhen (Crypt:1)
  38 caustic shrikes
  18 Killer Klowns
  Margery (Crypt:1)
  Saint Roka (Crypt:3)
  The ghost of rrossfarrar the Hoplite, a veteran BaFi of Cheibriados (Crypt:3)
  The ghost of rrossfarrar the Hoplite, a veteran BaFi of Cheibriados (Crypt:3)
  11 pandemonium lords
  Geryon (Hell)
  6 curse toes
  31 golden dragons
  Jory (Crypt:1)
  26 bone dragons
  2 pearl dragons (Pan)
  the Enchantress (Depths:1)
  8 profane servitors
  18 Brimstone Fiends
  20 doom hounds
  20 Tzitzimimeh
  4 electric golems
  3 spectral shard shrikes (Tar:3)
  14 iron giants
  A walking crystal tome (Depths:3)
  30 Hell Sentinels
  15 hellephants
  27 Orb Guardians
  36 tentacled monstrosities
  6 liches
  23 tainted leviathans
  30 Ice Fiends
  19 searing wretches
  7 deep elf master archers
  A quicksilver dragon (shapeshifter) (Zig:11)
  A walking frostbound tome (Depths:3)
  5 deep elf blademasters
  24 titans
  19 acid blobs
  13 quicksilver dragons
  Asterion (Spider:2)
  5 tentacled starspawn
  36 ancient champions
  A sphinx (shapeshifter) (Zig:12)
  2 eldritch tentacles
  17 Executioners
  11 death cobs
  16 sphinxes
  Aizul (Crypt:1)
  8 tengu reavers
  13 storm dragons
  14 shadow dragons
  19 azure jellies
  14 rockslimes
  7 demonspawn warmongers (Pan)
  9 draconian monks
  10 revenants
  2 nagarajas (Zig:19)
  11 deep elf sorcerers
  24 daevas (Pan)
  18 vault wardens
  A fenstrider witch (Zig:19)
  10 emperor scorpions
  21 narguns
  17 frost giants
  15 quicksilver elementals
  14 draconian knights
  A fire giant (shapeshifter) (Zig:25)
  12 draconian scorchers
  15 fire giants
  A frost giant (shapeshifter) (Zig:11)
  7 iron dragons
  11 orc warlords
  23 angels
  28 balrugs
  28 ghost moths
  2 shard shrike simulacra (Coc:7)
  6 draconian shifters
  A juggernaut zombie (Zig:21)
  13 draconian annihilators
  3 spectral caustic shrikes
  22 ironbound preservers
  12 draconian stormcallers
  7 deep elf elementalists
  A spectral juggernaut (Tar:3)
  4 caustic shrike zombies
  8 demonspawn blood saints (Pan)
  19 stone giants
  A quicksilver ooze (shapeshifter) (Zig:12)
  2 caustic shrike skeletons (Zig:21)
  5 curse skulls
  13 quicksilver oozes
  15 reapers
  11 formless jellyfish
  16 cacodemons
  6 demonspawn corrupters (Pan)
  5 ghouls (Crypt:3)
  A juggernaut skeleton (Pan)
  31 very ugly things
  A broodmother (shapeshifter) (Zig:25)
  6 ironbound thunderhulks
  6 spriggan defenders
  39 war gargoyles
  10 broodmothers
  10 deep elf demonologists
  10 green draconians
  20 apis (Pan)
  16 vampire knights
  16 ophanim (Pan)
  A stone giant (shapeshifter) (Zig:11)
  9 putrid mouths
  9 black draconians
  An eleionoma (shapeshifter) (Zig:3)
  21 elemental wellsprings
  15 deep elf annihilators
  18 white draconians
  5 lorocyprocas (Pan)
  15 yellow draconians
  3 spectral titans
  4 bennus (Tomb:2)
  19 dire elephants
  4 demonspawn black suns (Pan)
  16 spark wasps
  21 wendigos
  14 red draconians
  23 purple draconians
  29 iron golems
  13 blizzard demons
  7 deep elf death magi
  10 green deaths
  16 ettins
  4 crystal guardians
  15 merfolk javelineers
  19 eidola
  2 spectral spriggans
  17 yaktaur captains
  26 mummy priests
  A kraken zombie (Hell)
  16 merfolk impalers
  6 great orbs of eyes
  A spectral golden dragon (Tar:3)
  4 fire dragons
  An entropy weaver (shapeshifter) (Zig:25)
  14 jiangshi
  11 entropy weavers
  A quicksilver dragon zombie (Tar:5)
  32 vault guards
  4 spriggan zombies
  Erolcha (Orc:1)
  15 deep elf high priests
  5 salamander tyrants
  22 hydras
  5 peacekeepers
  13 ice dragons
  Harold (Orc:1)
  2 fenstrider witch zombies
  2 hell beasts (Pan)
  3 jorogumos
  5 rakshasas
  2 caustic shrike simulacra
  4 catoblepae
  10 merfolk aquamancers
  5 alligator snapping turtles
  2 fenstrider witch skeletons
  An anaconda (Zig:19)
  7 centaur warriors
  6 ironbound frosthearts
  9 radroaches
  6 spriggan air magi
  5 juggernaut simulacra
  6 ogre magi
  2 spectral stone giants
  15 two-headed ogres
  8 merfolk avatars
  31 dancing weapons
  4 death knights
  3 deep troll shamans (Depths:4)
  65 death scarabs
  9 stokers
  8 tengu warriors
  A death yak (shapeshifter) (Vaults:5)
  8 satyrs
  19 boulder beetles
  12 death yaks
  9 orc high priests
  6 deep troll earth magi
  A bennu skeleton (Crypt:3)
  24 demonic crawlers
  13 vampire magi
  16 hell knights
  5 spriggan berserkers
  26 hell hogs
  A spectral emperor scorpion (Tar:1)
  2 naga warriors (Zig:19)
  6 thrashing horrors
  A spectral dire elephant (Tar:3)
  A shock serpent (shapeshifter) (Zig:12)
  A storm dragon zombie (Zig:21)
  21 deep elf knights
  14 soul eaters
  3 shock serpents (Pan)
  Nergalle (Lair:2)
  12 crystal echidnas
  2 titan skeletons
  A fire crab (Shoals:2)
  9 skysharks
  2 spectral bunyips
  6 iron trolls
  2 salamander mystics
  4 wretched stars
  9 pharaoh ants
  40 sun demons
  3 storm dragon skeletons
  49 shadow wraiths
  4 spectral anacondas
  A bunyip zombie (Tomb:1)
  An anaconda zombie (Hell)
  16 sixfirhies
  3 sun moths
  31 skeletal warriors
  23 sea snakes
  An iron giant zombie (Tar:5)
  A quicksilver dragon simulacrum (Coc:3)
  A death drake (shapeshifter) (Vaults:5)
  2 bog bodies (Crypt:3)
  2 spriggan druids (Zig:17)
  3 orange crystal statues
  A golden dragon zombie (Zig:21)
  4 glowing orange brains
  3 spriggan simulacra
  14 cherubim (Pan)
  43 deep trolls
  30 orb spiders
  5 shadow demons
  A spectral iron dragon (Tar:3)
  5 flayed ghosts
  16 deep elf archers
  22 steelbarb worms
  A swamp dragon (Zig:19)
  38 deep elf zephyrmancers
  A wolf spider zombie (D:15)
  A spectral hydra (Tar:3)
  16 phantasmal warriors
  10 wizards
  20 ironbound convokers
  A tengu zombie (Depths:1)
  3 lindwurms
  21 starcursed masses
  A sphinx zombie (Zig:21)
  A wolf spider (shapeshifter) (Zig:12)
  20 harpies
  3 spectral ettins
  11 necromancers
  13 orc knights
  A mana viper (Zig:19)
  2 iron dragon zombies
  44 deep elf pyromancers
  2 salamanders (Depths:4)
  A salamander (shapeshifter) (D:11)
  A mana viper (shapeshifter) (Zig:8)
  41 ugly things
  34 wolf spiders
  28 fauns
  A golden dragon skeleton (Depths:3)
  A cyclops (shapeshifter) (Depths:3)
  5 shining eyes
  3 stone giant zombies
  A shadow dragon skeleton (Zig:21)
  15 cyclopes
  25 manticores
  A moth of wrath (shapeshifter) (Vaults:5)
  An oklob plant (Lair:1)
  17 orc sorcerers
  An iron dragon skeleton (Depths:3)
  2 worldbinders
  16 merfolk sirens
  An elephant (shapeshifter) (Zig:11)
  7 elephants
  A frost giant zombie (Crypt:1)
  10 black mambas
  2 ice statues (Coc:7)
  2 centaur zombies
  A stone giant skeleton (Tomb:3)
  A toenail golem (D:5)
  4 guardian serpents
  3 rust devils
  48 moths of wrath
  10 cane toads
  6 apocalypse crabs
  5 titan simulacra
  19 smoke demons
  A torpor snail (shapeshifter) (Abyss:2)
  28 torpor snails
  22 water nymphs
  21 vault sentinels
  2 naga magi
  20 orange demons
  2 dire elephant skeletons
  7 eyes of devastation
  A gargoyle (D:11)
  6 molten gargoyles (Hell)
  3 unseen horrors
  28 hellions
  A yellow draconian zombie (Crypt:3)
  A storm dragon simulacrum (Crypt:3)
  7 rime drakes
  A centaur skeleton (D:15)
  2 kobold demonologists
  27 yaktaurs
  14 freezing wraiths
  2 sea snake zombies (Hell)
  A spark wasp simulacrum (Depths:3)
  8 komodo dragons
  2 yaktaurs (shapeshifter)
  2 bunyip simulacra (Coc:1)
  9 spectral harpies
  2 alligator snapping turtle skeletons (Pan)
  4 tengu conjurers
  3 spectral nagas (Tar:3)
  16 tormentors
  9 ice devils
  3 red devils
  6 ancient zymes
  3 silent spectres
  A grey draconian skeleton (Crypt:3)
  2 hydra zombies (Hell)
  7 meliai
  A meliai (shapeshifter) (Zig:25)
  57 merfolk
  65 guardian mummies
  An anaconda simulacrum (Coc:7)
  31 tarantellas
  11 trolls
  40 large abominations
  5 hellwings (Pan)
  3 harpy zombies
  8 wind drakes
  22 snapping turtles
  6 hornets
  2 polar bears
  29 blink frogs
  A death drake skeleton (Crypt:1)
  A sphinx simulacrum (Zig:13)
  A wind drake (shapeshifter) (D:14)
  11 raiju
  A hydra skeleton (Pan)
  A fire dragon zombie (Tomb:2)
  A dream sheep (shapeshifter) (Zig:25)
  123 slime creatures
  2 iron dragon simulacra
  A spriggan skeleton (Depths:1)
  2 alligator zombies (Hell)
  7 dream sheep
  2 harpy skeletons
  An ettin zombie (Depths:1)
  2 centaur simulacra
  45 jumping spiders
  2 shadows
  15 flying skulls
  7 air elementals
  19 culicivoras
  9 spriggans
  4 wyverns
  An alligator skeleton (Hell)
  A culicivora (shapeshifter) (Zig:25)
  6 dire elephant simulacra
  A yak (shapeshifter) (Zig:8)
  17 small abominations
  12 basilisks
  18 ynoxinuls
  A golden eye (shapeshifter) (D:11)
  31 water elementals
  4 wraiths
  3 spriggans (shapeshifter)
  38 ushabtiu
  A fire elemental (Elf:3)
  6 fire bats
  53 yaks
  22 golden eyes
  7 hogs (Lair:5)
  2 basilisks (shapeshifter)
  4 vampires
  A redback (shapeshifter) (Elf:2)
  10 chaos spawn
  12 neqoxecs
  60 redbacks
  10 vampire mosquitoes
  A warg (shapeshifter) (Zig:25)
  Menkaure (Ossuary)
  13 wargs
  A skyshark zombie (Crypt:1)
  A swamp worm (shapeshifter) (Zig:25)
  A naga zombie (Crypt:3)
  11 harpy simulacra
  6 acid dragons
  8 hell hounds
  16 water moccasins
  5 floating eyes
  3 hydra simulacra
  A demonspawn skeleton (Crypt:2)
  2 hornet zombies (Crypt:2)
  57 orc warriors
  A black bear (shapeshifter) (D:13)
  A black mamba simulacrum (Hell)
  A deep troll skeleton (Crypt:2)
  7 ice beasts
  4 black bears
  5 boggarts
  2 wolves
  4 ettin simulacra
  16 ogres
  A sky beast (D:7)
  A centaur (shapeshifter) (Zig:11)
  A merfolk simulacrum (Coc:1)
  8 centaurs
  3 phantoms
  A swamp dragon zombie (Crypt:1)
  A rime drake zombie (Crypt:3)
  3 kobold brigands
  4 earth elementals
  2 necrophages (Crypt:3)
  2 gnoll sergeants
  15 bullfrogs
  A scorpion (shapeshifter) (Zig:11)
  2 draconian skeletons
  A scorpion (D:4)
  A naga simulacrum (Coc:7)
  5 wights
  A polar bear zombie (Crypt:3)
  A shapeshifter zombie (Crypt:1)
  11 killer bees
  A polar bear skeleton (Crypt:3)
  6 howler monkeys
  3 electric eels
  3 quasits
  4 hounds
  21 orc priests
  3 sleepcaps
  8 jellies
  2 iron imps
  Ijyb (D:3)
  Natasha (thrice) (D:3)
  4 iguanas
  35 orc wizards
  15 hell rats
  A killer bee zombie (Crypt:1)
  74 mummies
  26 gnolls
  8 adders
  A steam dragon zombie (Crypt:2)
  A shadow imp (Abyss:1)
  5 ufetubi
  A worm (D:2)
  2 dart slugs
  87 orcs
  6 ball pythons
  7 bats
  12 endoplasms
  4 giant cockroaches
  2 gnoll zombies (Ossuary)
  9 hobgoblins
  3 quokkas
  5 frilled lizards
  4 gnoll skeletons
  12 goblins
  4 goblin skeletons (Ossuary)
  6 goblin zombies (Ossuary)
  4 hobgoblin skeletons (Ossuary)
  3 hobgoblin zombies (Ossuary)
  23 kobolds
  7 kobold skeletons (Ossuary)
  5 kobold zombies (Ossuary)
  4 orc skeletons (Ossuary)
  4 orc zombies (Ossuary)
  5 rats
  3 rat skeletons (Ossuary)
  5 rat zombies (Ossuary)
  A spectral hobgoblin (D:9)
  A ball lightning (Pan)
  5 creeping infernos
  23 fire vortices
  A lurking horror (Abyss:4)
  3 spectral weapons (Spider:2)
  2 starspawn tentacles
  3 tentacles (Hell)
5027 creatures vanquished.

Vanquished Creatures (collateral kills)
  A kobold (Bailey)
1 creature vanquished.

Vanquished Creatures (others)
  A shard shrike (Zig:16)
  A hellephant (Geh:4)
  An eldritch tentacle (Zot:5)
  Kirke (Lair:5)
  A fire giant (Geh:7)
  A shard shrike simulacrum (Coc:7)
  An entropy weaver (Zig:26)
  A caustic shrike simulacrum (Crypt:3)
  2 dancing weapons
  An alligator snapping turtle (Zig:19)
  A satyr (Zig:22)
  A deep elf knight (Elf:3)
  A sea snake (Shoals:1)
  A spriggan simulacrum (Coc:7)
  2 orb spiders
  A phantasmal warrior (Hell)
  A deep elf archer (Zig:18)
  A manticore (Zig:22)
  An orc knight (Bailey)
  An ugly thing (D:11)
  A deep elf pyromancer (Zig:18)
  A cyclops (Zig:22)
  A moth of wrath (Zig:26)
  2 fauns (Zig:22)
  A water nymph (Zig:22)
  A titan simulacrum (Coc:7)
  A molten gargoyle (Hell)
  3 rime drakes (Zig:16)
  A yaktaur (Zig:24)
  An iron giant simulacrum (Coc:7)
  An anaconda simulacrum (Coc:3)
  2 red devils (Pan)
  A hellwing (Pan)
  3 merfolk (Zig:22)
  A tarantella (shapeshifter) (Zig:12)
  A stone giant simulacrum (Coc:2)
  A centaur simulacrum (Crypt:3)
  An ushabti (Tomb:1)
  An alligator snapping turtle simulacrum (Coc:3)
  A large abomination (Abyss:2)
  2 harpy simulacra
  A hydra simulacrum (Coc:7)
  2 ettin simulacra
  A hell rat (Hell)
  An orc (Orc:2)
  2 ball lightnings (Pan)
  2 creeping infernos
  14 starspawn tentacles
  A tentacle (Hell)
74 creatures vanquished.

Grand Total: 5102 creatures vanquished

Notes
Turn   | Place    | Note
-------+----------+-------------------------------------------
     0 | D:1      | PurpleRed the Minotaur Shapeshifter began the quest for the
                  | Orb.
     0 | D:1      | Reached XP level 1. HP: 16/16 MP: 0/0
   132 | D:1      | Reached skill level 1 in Axes
   230 | D:1      | Reached XP level 2. HP: 18/24 MP: 1/1
   821 | D:2      | Reached XP level 3. HP: 20/29 MP: 2/2
  1115 | D:1      | Reached XP level 4. HP: 25/37 MP: 3/3
  1742 | D:3      | Noticed a black bear
  1757 | D:3      | Killed a black bear
  1758 | D:3      | Reached skill level 5 in Axes
  1758 | D:3      | Reached XP level 5. HP: 39/46 MP: 4/4
  1880 | D:3      | Reached XP level 6. HP: 34/52 MP: 5/5
  2169 | D:3      | Noticed Natasha
  2170 | D:3      | Noticed Ijyb
  2210 | D:3      | Identified the +2 plate armour "Kyla" {Dex+2}
  2249 | D:3      | Killed Natasha
  2368 | D:3      | Found Jausaq's Jewellery Boutique.
  2387 | D:3      | Noticed Natasha
  2395 | D:3      | Killed Natasha
  2465 | D:3      | Noticed Natasha
  2473 | D:3      | Killed Natasha
  2632 | D:4      | Reached skill level 5 in Fighting
  2705 | D:4      | Reached XP level 7. HP: 56/61 MP: 6/6
  2733 | D:4      | Found a sand-covered staircase.
  2742 | Ossuary  | Entered an ossuary
  3065 | Ossuary  | Noticed Menkaure
  3080 | Ossuary  | Killed Menkaure
  3324 | D:4      | Found a bloodstained altar of Trog.
  3729 | D:5      | Entered Level 5 of the Dungeon
  3752 | D:5      | Reached XP level 8. HP: 66/71 MP: 7/7
  3955 | D:5      | Found a stormy altar of Qazlal.
  4010 | D:5      | Found a radiant altar of Vehumet.
  4024 | D:5      | Reached skill level 1 in Armour
  4024 | D:5      | Reached skill level 1 in Shields
  4187 | D:5      | Found a shimmering blue altar of Sif Muna.
  4345 | D:6      | Found a staircase to the Ecumenical Temple.
  4353 | Temple   | Entered the Ecumenical Temple
  4464 | D:6      | Found a glowing silver altar of Zin.
  4610 | D:6      | Found a shadowy altar of Dithmenos.
  4934 | D:7      | Found a blossoming altar of Fedhas.
  4977 | D:7      | Reached skill level 10 in Axes
  5028 | D:7      | Found a flagged portal.
  5061 | Bailey   | Entered a bailey
  5069 | Bailey   | Noticed an orc warlord
  5071 | Bailey   | Found the +10 zealot's sword {holy, Zealotry, *Rage rN+
                  | EV+3}
  5112 | Bailey   | Reached XP level 9. HP: 69/79 MP: 6/8
  5222 | Bailey   | Noticed an orc knight
  5259 | Bailey   | Found a runed translucent gate.
  5259 | Bailey   | Found a runed translucent gate.
  5259 | Bailey   | Found a runed translucent gate.
  5295 | Bailey   | Killed an orc warlord
  5314 | Bailey   | Identified the +4 short sword of Kexkaargh {freeze, Dex+3}
  5386 | Bailey   | Identified a scroll of acquirement
  5386 | Bailey   | Acquired 1023 gold pieces
  5515 | D:3      | Killed Ijyb
  5522 | D:3      | Bought the amulet of Oprys Vusm {rF++ Regen+ Str+3} for 729
                  | gold pieces
  5537 | D:3      | Reached XP level 10. HP: 91/91 MP: 9/9
  6633 | D:8      | Reached skill level 10 in Fighting
  6633 | D:8      | Reached XP level 11. HP: 99/99 MP: 10/10
  6906 | D:9      | Found an opulent altar of Gozag.
  6906 | D:9      | Found a sparkling altar of Nemelex Xobeh.
  6950 | D:9      | Noticed a purple ugly thing
  6965 | D:9      | Killed a purple ugly thing
  7002 | D:9      | Reached skill level 15 in Axes
  7132 | D:9      | Found a hazy altar of Hepliaklqana.
  7233 | D:9      | Found a shimmering altar of Xom.
  7233 | D:9      | Found an ornate altar of the Wu Jian Council.
  7486 | D:9      | Found a snail-covered altar of Cheibriados.
  7582 | D:10     | Entered Level 10 of the Dungeon
  7584 | D:10     | Found a staircase to the Orcish Mines.
  7618 | D:10     | Found a hide-covered altar of Uskayaw.
  7717 | D:10     | Found Joycipif's Overcharged Wands.
  7766 | D:10     | Reached skill level 1 in Invocations
  7778 | D:10     | Found an iron altar of Okawaru.
  7792 | D:10     | Became a worshipper of Warmaster Okawaru
  7872 | D:10     | Noticed a two-headed ogre
  7881 | D:10     | Killed a two-headed ogre
  7881 | D:10     | Reached * piety under Okawaru
  8002 | D:10     | Noticed a two-headed ogre
  8014 | D:10     | Killed a two-headed ogre
  8191 | D:11     | Noticed a two-headed ogre
  8192 | D:11     | Noticed a wolf spider
  8193 | D:11     | Noticed a purple ugly thing
  8193 | D:11     | Noticed a catoblepas
  8194 | D:11     | Noticed a six-headed hydra
  8196 | D:11     | Killed a two-headed ogre
  8211 | D:11     | Killed a wolf spider
  8211 | D:11     | Reached ** piety under Okawaru
  8218 | D:11     | Noticed a seven-headed hydra
  8226 | D:11     | Killed a 12-headed hydra
  8226 | D:11     | Noticed a green ugly thing
  8227 | D:11     | Reached XP level 12. HP: 46/110 MP: 11/13
  8237 | D:11     | Killed a 12-headed hydra
  8238 | D:11     | Reached *** piety under Okawaru
  8244 | D:11     | Noticed a tengu warrior
  8244 | D:11     | Noticed a fire dragon
  8244 | D:11     | Noticed a death knight
  8247 | D:11     | Killed a catoblepas
  8381 | D:11     | Noticed an ogre mage
  8402 | D:11     | Killed an ogre mage
  8409 | D:11     | Noticed a two-headed ogre
  8420 | D:11     | Killed a two-headed ogre
  8449 | D:11     | Noticed a four-headed hydra
  8460 | D:11     | Killed an 11-headed hydra
  8460 | D:11     | Reached **** piety under Okawaru
  8526 | D:11     | Identified the +3 quarterstaff of the Dove {freeze, rF++
                  | Str-5 Int+5}
  8575 | D:11     | Noticed a two-headed ogre
  8593 | D:11     | Killed a two-headed ogre
  8593 | D:11     | Received a gift from Okawaru
  8609 | D:11     | Reached skill level 5 in Invocations
  8641 | D:11     | Killed a fire dragon
  8699 | D:11     | Killed a death knight
  8707 | D:11     | Killed a tengu warrior
  8707 | D:11     | Reached ***** piety under Okawaru
  8765 | D:11     | Noticed a boulder beetle
  8789 | D:11     | Killed a boulder beetle
  8854 | D:11     | Reached XP level 13. HP: 100/119 MP: 15/15
  9402 | D:11     | Found a staircase to the Lair.
  9689 | D:12     | Identified the scarf of Aweca {+Inv, +Blink rElec Str-5
                  | Stlth+} (Okawaru gifted it to you on level 12 of the
                  | Dungeon)
  9689 | D:12     | Received a gift from Okawaru
 10190 | Lair:1   | Entered Level 1 of the Lair of Beasts
 10764 | Lair:1   | You fall into a shaft and drop 1 floor!
 10764 | Lair:2   | Found a hole to the Spider Nest.
 10790 | Lair:2   | Reached skill level 10 in Armour
 10842 | Lair:2   | Noticed Nergalle
 10856 | Lair:2   | Killed Nergalle
 11373 | Lair:2   | Found a staircase to the Shoals.
 11592 | Lair:3   | Identified the +3 quick blade "Transmigrator" {vamp, rPois
                  | rN+}
 11812 | Lair:3   | Received a gift from Okawaru
 12438 | Lair:4   | Reached XP level 14. HP: 132/132 MP: 18/18
 12444 | Lair:4   | Reached ****** piety under Okawaru
 12572 | Lair:4   | Found a staircase to the Slime Pits.
 12709 | Lair:4   | Identified the ring "Haunoj" {Wiz Str+6 Int+3}
 13371 | Lair:5   | Entered Level 5 of the Lair of Beasts
 13385 | Lair:5   | Received a gift from Okawaru
 13694 | Lair:5   | Received a gift from Okawaru
 13694 | Lair:5   | Found the +3 hat of Pondering {ponderous, Will+ MP+10
                  | Int+5}
 13695 | Lair:5   | Found a corrupted altar of Lugonu.
 13695 | Lair:5   | Found a one-way gate to the infinite horrors of the Abyss.
 13720 | Lair:5   | Identified the +10 falchion of Iconoclasm {antimagic, rElec
                  | Int+3 Stlth+}
 14136 | Lair:5   | Reached skill level 15 in Fighting
 14293 | Lair:5   | Noticed Kirke
 14317 | Lair:5   | Killed Kirke
 14318 | Lair:5   | Reached XP level 15. HP: 47/141 MP: 19/20
 15833 | D:13     | Received a gift from Okawaru
 16396 | D:14     | Found a gate to the Vaults.
 16756 | D:14     | Found a shadowy altar of Dithmenos.
 16924 | D:15     | Entered Level 15 of the Dungeon
 16978 | D:15     | Received a gift from Okawaru
 17346 | D:15     | Identified the +5 broad axe of Theory {antimagic, rPois rF-
                  | Dex+6}
 17415 | D:15     | Found a staircase to the Depths.
 17818 | Orc:1    | Entered Level 1 of the Orcish Mines
 17838 | Orc:1    | Noticed Erolcha
 17847 | Orc:1    | Noticed Harold
 17851 | Orc:1    | Killed Erolcha
 17851 | Orc:1    | Identified the +4 broad axe of Xecitesk {venom, rN+ Str-2
                  | Int+4 Dex+3} (Okawaru gifted it to you on level 1 of the
                  | Orcish Mines)
 17851 | Orc:1    | Received a gift from Okawaru
 17859 | Orc:1    | Killed Harold
 17990 | Orc:1    | Found Cudugap's CLEARANCE SALE!.
 18012 | Orc:1    | Bought a potion of attraction for 12 gold pieces
 18526 | Orc:2    | Entered Level 2 of the Orcish Mines
 18547 | Orc:2    | Found a staircase to the Elven Halls.
 18640 | Orc:2    | Found a radiant altar of Vehumet.
 18858 | Orc:2    | Reached XP level 16. HP: 138/152 MP: 21/21
 19165 | Orc:2    | Received a gift from Okawaru
 19309 | Orc:2    | Found Jumos's Antique Armour Shop.
 19310 | Orc:2    | Found Nuxtuddy's Antique Weapon Shop.
 19312 | Orc:2    | Found Zoprih Haf's General Store.
 19312 | Orc:2    | Found Wiukleigh's Jewellery Boutique.
 19317 | Orc:2    | Bought 2 potions of attraction for 78 gold pieces
 19402 | Orc:2    | Bought the ring of the Quick God {rC+ Slay+4} for 1380 gold
                  | pieces
 19574 | Spider:1 | Entered Level 1 of the Spider Nest
 19881 | D:3      | Bought a ring of poison resistance for 240 gold pieces
 20809 | Spider:1 | Reached skill level 10 in Shields
 20898 | Spider:2 | Noticed Asterion
 20920 | Spider:2 | Killed Asterion
 21227 | Spider:2 | Identified the +0 plate armour of Ycripnuc {Dex+4}
 21334 | Spider:2 | Received a gift from Okawaru
 21704 | Spider:3 | Reached skill level 10 in Invocations
 21822 | Spider:3 | Reached XP level 17. HP: 151/162 MP: 23/23
 21837 | Spider:3 | Reached skill level 10 in Dodging
 22292 | Spider:3 | Identified the +0 scale mail of Biucemen {Stlth+} (Okawaru
                  | gifted it to you on level 3 of the Spider Nest)
 22292 | Spider:3 | Received a gift from Okawaru
 22358 | Spider:4 | Entered Level 4 of the Spider Nest
 22388 | Spider:4 | Upgraded the game from 0.31-a0-402-g840a4f3 to
                  | 0.31-a0-408-gb642c7f
 22413 | Spider:4 | Got the Information on Translocated Frost
 23173 | Spider:4 | Got a gossamer rune of Zot
 23618 | Vaults:1 | Entered Level 1 of the Vaults
 23882 | Vaults:1 | Received a gift from Okawaru
 24053 | Vaults:1 | Reached XP level 18. HP: 176/176 MP: 24/24
 24329 | Vaults:1 | Received a gift from Okawaru
 24569 | Vaults:2 | Identified the +2 pair of gloves of the Present {Str+5}
 24593 | Vaults:2 | Found Wehisus's Jewellery Shop.
 24604 | Vaults:2 | Identified the +3 chain mail "Haeth" {Int+2 Dex+3}
 25470 | Vaults:2 | Identified the +0 pair of gloves "Gedweib" {Will+ Regen+}
                  | (Okawaru gifted it to you on level 2 of the Vaults)
 25470 | Vaults:2 | Received a gift from Okawaru
 25796 | Vaults:3 | Reached skill level 15 in Shields
 25967 | Vaults:3 | Noticed a bone dragon
 25969 | Vaults:3 | Found a staircase to the Crypt.
 25978 | Vaults:3 | Killed a bone dragon
 26512 | Vaults:3 | Received a gift from Okawaru
 27041 | Vaults:3 | Received a gift from Okawaru
 27042 | Vaults:3 | Reached XP level 19. HP: 164/187 MP: 25/25
 27346 | Vaults:4 | Found a flickering gateway to a bazaar.
 27388 | Bazaar   | Entered a bazaar
 27415 | Bazaar   | Found Gust's Jewellery Shop.
 27415 | Bazaar   | Found Tomuc's Antique Armour Shop.
 27462 | Bazaar   | Bought the ring "Judghoufa" {Contam rPois rCorr EV+5
                  | Slay+6} for 796 gold pieces
 27722 | Vaults:4 | Identified the +10 orcbow "Ciesuogo" {freeze, Str+3 Dex+5
                  | SInv}
 28030 | Vaults:4 | Noticed a Tzitzimitl
 28231 | Vaults:4 | Identified the +4 broad axe of the Fray {flame, Drain rF+
                  | Int+4} (Okawaru gifted it to you on level 4 of the Vaults)
 28231 | Vaults:4 | Received a gift from Okawaru
 28925 | Shoals:1 | Entered Level 1 of the Shoals
 29701 | Shoals:2 | Identified the +4 scale mail of Inyt {rPois rF+ rCorr}
                  | (Okawaru gifted it to you on level 2 of the Shoals)
 29701 | Shoals:2 | Received a gift from Okawaru
 29992 | Shoals:2 | You fall into a shaft and drop 1 floor!
 30104 | Shoals:3 | Identified the +7 scimitar of Dishonesty {venom, rF+ Will+
                  | Int+3 Stlth+}
 30244 | Shoals:3 | Reached XP level 20. HP: 200/200 MP: 26/26
 30952 | Shoals:2 | Got the Papyrus of Familiar Voltage
 31208 | Shoals:4 | Entered Level 4 of the Shoals
 31430 | Shoals:4 | Found Sadukkoigg's Superlative Supplies.
 31440 | Shoals:4 | Bought a manual of Shapeshifting for 1040 gold pieces
 31527 | Shoals:4 | Got a barnacled rune of Zot
 31795 | Shoals:4 | Identified the +9 scale mail of Inquiry {rF- rN+ Will+}
 32465 | Vaults:5 | Entered Level 5 of the Vaults
 32472 | Vaults:5 | Identified the +0 pair of boots of Etesomn {Drain +Inv
                  | rCorr Str-2} (Okawaru gifted it to you on level 5 of the
                  | Vaults)
 32472 | Vaults:5 | Received a gift from Okawaru
 32505 | Vaults:5 | Found Hienegah's Distillery.
 32576 | Vaults:5 | Received a gift from Okawaru
 32582 | Vaults:5 | Noticed a dread lich
 32592 | Vaults:5 | Killed a dread lich
 32604 | Vaults:5 | Reached XP level 21. HP: 59/210 MP: 28/28
 32606 | Vaults:5 | Reached skill level 27 in Axes
 32606 | Vaults:5 | Reached skill level 15 in Armour
 32692 | Vaults:5 | Bought 2 potions of haste for 400 gold pieces
 32692 | Vaults:5 | Bought a potion of cancellation for 160 gold pieces
 32692 | Vaults:5 | Bought a potion of curing for 60 gold pieces
 32692 | Vaults:5 | Bought a potion of curing for 60 gold pieces
 32692 | Vaults:5 | Bought a potion of attraction for 60 gold pieces
 32749 | Vaults:5 | Identified the +3 war axe of the Vestibule of Hell {flame,
                  | *Noise rN++ Will+ Stlth-}
 32779 | Vaults:5 | Found Kaywef's Magic Scroll Boutique.
 32796 | Vaults:5 | Bought a scroll of blinking for 112 gold pieces
 32796 | Vaults:5 | Bought a scroll of revelation for 112 gold pieces
 33109 | Vaults:5 | Identified the +6 scale mail of Lekyu {rCorr Stlth+}
 33129 | Vaults:5 | Got the Atlas of the Special Curses
 33283 | Vaults:5 | Got a silver rune of Zot
 33316 | Vaults:5 | Received a gift from Okawaru
 33799 | Vaults:5 | Identified the +10 orcbow "Cuempaiw" {freeze, rF+ Int+8
                  | Dex+2}
 34028 | Crypt:1  | Entered Level 1 of the Crypt
 34275 | Depths:1 | Entered Level 1 of the Depths
 34289 | Depths:1 | Found a transporter.
 34303 | Depths:1 | Found a transporter.
 34329 | Depths:1 | Found a transporter.
 34363 | Depths:1 | Found Voamaty's Weapon Emporium.
 34372 | Depths:1 | Found Pufemasch's Assorted Antiques.
 34372 | Depths:1 | Found Ilifo's Assorted Antiques.
 34403 | Depths:1 | Found Koqosma's Distillery.
 34411 | Depths:1 | Bought a potion of curing for 45 gold pieces
 34411 | Depths:1 | Bought a potion of mutation for 120 gold pieces
 34411 | Depths:1 | Bought a potion of resistance for 150 gold pieces
 34483 | Depths:1 | Noticed the Enchantress
 34494 | Depths:1 | Killed the Enchantress
 35193 | Depths:1 | Found a gateway to Hell.
 35307 | Depths:1 | Found a transporter.
 35729 | Depths:2 | Received a gift from Okawaru
 35925 | Depths:2 | Found a shimmering blue altar of Sif Muna.
 35989 | Depths:2 | Found a one-way gate leading to the halls of Pandemonium.
 36016 | Depths:2 | Noticed Mara
 36021 | Depths:2 | Killed Mara
 36304 | Depths:2 | Found a shadowy altar of Dithmenos.
 36304 | Depths:2 | Identified the +0 shadow dragon scales of Red Tender
                  | Moments {rCorr Stlth++++}
 36326 | Depths:2 | Reached XP level 22. HP: 139/207 MP: 30/30
 36414 | Depths:2 | Identified the +1 kite shield "Uveg" {Will+ Str+4 Slay+2}
                  | (Okawaru gifted it to you on level 2 of the Depths)
 36414 | Depths:2 | Received a gift from Okawaru
 36743 | Depths:3 | Found a glowing golden altar of the Shining One.
 36816 | Depths:3 | Found Acki Feu's Antique Armour Shoppe.
 36935 | Depths:3 | Noticed a golden dragon
 36944 | Depths:3 | Killed a golden dragon
 36956 | Depths:3 | Identified the +3 trident "Hazuat" {venom, rC+ Str+3}
 37326 | Depths:3 | Found a one-way gateway to a ziggurat.
 37402 | Depths:3 | Received a gift from Okawaru
 37847 | Depths:4 | Entered Level 4 of the Depths
 37885 | Depths:4 | Found a blossoming altar of Fedhas.
 37950 | Depths:4 | Noticed a caustic shrike
 37958 | Depths:4 | Killed a caustic shrike
 38190 | Depths:4 | Noticed a caustic shrike
 38192 | Depths:4 | Noticed a caustic shrike
 38192 | Depths:4 | Noticed a caustic shrike
 38195 | Depths:4 | Killed a caustic shrike
 38197 | Depths:4 | Killed a caustic shrike
 38204 | Depths:4 | Killed a caustic shrike
 38224 | Depths:4 | Identified the +7 plate armour of Qucecaxt {rC+} (Okawaru
                  | gifted it to you on level 4 of the Depths)
 38224 | Depths:4 | Received a gift from Okawaru
 38375 | Depths:4 | Found a gate to the Realm of Zot.
 38502 | Depths:4 | Reached XP level 23. HP: 212/232 MP: 32/32
 38793 | Depths:4 | Reached skill level 15 in Dodging
 38914 | Depths:4 | Noticed a caustic shrike
 38922 | Depths:4 | Killed a caustic shrike
 39061 | Zot:1    | Entered Level 1 of the Realm of Zot
 39377 | Zot:1    | Received a gift from Okawaru
 39635 | Zot:1    | Reached skill level 15 in Invocations
 39683 | Zot:1    | Noticed a curse toe
 39690 | Zot:1    | Killed a curse toe
 40109 | Zot:2    | You fall into a shaft and drop 2 floors!
 40126 | Zot:4    | Received a gift from Okawaru
 40147 | Zot:4    | Noticed a curse toe
 40179 | Zot:4    | Noticed a Killer Klown
 40183 | Zot:4    | Killed a curse toe
 40196 | Zot:4    | Killed a Killer Klown
 40200 | Zot:4    | Noticed a curse toe
 40214 | Zot:4    | Killed a curse toe
 40489 | Zot:4    | Reached XP level 24. HP: 244/245 MP: 32/33
 41167 | Zot:4    | Reached skill level 27 in Fighting
 41409 | Zot:4    | Noticed an orb of fire
 41411 | Zot:4    | Gained mutation: You occasionally lose the ability to read
                  | scrolls when taking damage. [an orb of fire]
 41414 | Zot:4    | Gained mutation: Your body sometimes deteriorates upon
                  | taking damage. [an orb of fire]
 41418 | Zot:4    | Gained mutation: You have hidden genetic defects. [an orb
                  | of fire]
 41420 | Zot:4    | Gained mutation: You are frail. (-10% HP) [an orb of fire]
 41425 | Zot:4    | Gained mutation: You are very frail. (-20% HP) [an orb of
                  | fire]
 41426 | Zot:4    | Killed an orb of fire
 41428 | Zot:4    | Lost mutation: You have hidden genetic defects. [potion of
                  | mutation]
 41428 | Zot:4    | Lost mutation: You are very frail. (-20% HP) [potion of
                  | mutation]
 41428 | Zot:4    | Gained mutation: You are somewhat resistant to further
                  | mutation. [potion of mutation]
 41428 | Zot:4    | Gained mutation: You are partially covered in iridescent
                  | scales. (AC +2) [potion of mutation]
 41429 | Zot:4    | Lost mutation: You occasionally lose the ability to read
                  | scrolls when taking damage. [potion of mutation]
 41429 | Zot:4    | Lost mutation: Your body sometimes deteriorates upon taking
                  | damage. [potion of mutation]
 41429 | Zot:4    | Gained mutation: You are agile. (Dex +4, Str/Int -1)
                  | [potion of mutation]
 41591 | Zot:4    | Reached skill level 5 in Shapeshifting
 41937 | Zot:3    | Identified the +0 pair of gloves "Ejyufa Uqut" {Int+6}
                  | (Okawaru gifted it to you on level 3 of the Realm of Zot)
 41937 | Zot:3    | Received a gift from Okawaru
 41954 | Zot:3    | Noticed a Killer Klown
 41961 | Zot:3    | Killed a Killer Klown
 42400 | Zot:3    | Reached skill level 10 in Shapeshifting
 43037 | Zot:2    | Identified the +3 spear of Tuen Niu {freeze, Int+3}
 43129 | Zot:2    | Received a gift from Okawaru
 43503 | Zot:2    | Identified the +1 leather armour "Geiste" {Int+3}
 43855 | Elf:1    | Entered Level 1 of the Elven Halls
 43971 | Elf:1    | Reached XP level 25. HP: 231/231 MP: 33/33
 44144 | Elf:1    | Paralysed by an air elemental for 1 turns
 44824 | Elf:2    | Found Felaedgh's Antique Weapon Emporium.
 44902 | Elf:2    | Found Fereicau's Antique Armour Emporium.
 44912 | Elf:2    | Found a runed translucent gate.
 44912 | Elf:2    | Found a runed translucent gate.
 44912 | Elf:2    | Found a runed translucent gate.
 45186 | Elf:2    | Acquired 657 gold pieces
 45574 | Elf:2    | Received a gift from Okawaru
 45818 | Elf:3    | Entered Level 3 of the Elven Halls
 46094 | Elf:3    | Identified the +3 ring mail "Tuwnill" {rC- Str+3 Stlth+}
 46105 | Elf:3    | Identified the +6 chain mail of the Untouchables {Str+4}
 46462 | Elf:3    | Identified the +3 long sword "Spiderbane" {elec, rC+ Str+7}
 46492 | Elf:3    | Identified the ring "Bafoumocao" {Fly Str+2}
 46504 | Elf:3    | Reached skill level 15 in Shapeshifting
 46756 | Elf:3    | Identified the amulet "Hofryic" {Reflect rF+ SH+5}
 46777 | Elf:3    | Identified the staff "Cowuphag" {*Slow rF- rC+ rN+ Str+8
                  | Necro}
 47260 | Slime:1  | Entered Level 1 of the Pits of Slime
 47281 | Slime:1  | Received a gift from Okawaru
 47988 | Slime:3  | Reached XP level 26. HP: 232/239 MP: 33/33
 48414 | Slime:4  | Paralysed by a floating eye for 3 turns
 48430 | Slime:4  | Paralysed by a formless jellyfish for 1 turns
 48442 | Slime:4  | Received a gift from Okawaru
 48752 | Slime:5  | Entered Level 5 of the Pits of Slime
 48760 | Slime:5  | Noticed Dissolution
 48776 | Slime:5  | Killed Dissolution
 48780 | Slime:5  | Noticed the Royal Jelly
 48793 | Slime:5  | Killed the Royal Jelly
 48903 | Slime:5  | Identified the +0 robe of Luap {rPois rCorr Str-2 Dex+2}
 48912 | Slime:5  | Identified the +0 scale mail "Coffuonk" {Regen+ rCorr Str+3
                  | Int-5}
 48947 | Slime:5  | Identified the +1 cloak of Hysteria {Rampage rCorr}
 49058 | Slime:5  | Got a slimy rune of Zot
 49060 | Slime:5  | Identified the ring "Liub" {Ice rPois Str-3 Int+4}
 49813 | Zot:5    | Entered Level 5 of the Realm of Zot
 49825 | Zot:5    | Received a gift from Okawaru
 50373 | Zot:5    | Noticed an ancient lich
 50384 | Zot:5    | Killed an ancient lich
 50384 | Zot:5    | Identified the +1 hat of Patterns {Str+3} (Okawaru gifted
                  | it to you on level 5 of the Realm of Zot)
 50384 | Zot:5    | Received a gift from Okawaru
 50488 | Zot:5    | Noticed an orb of fire
 50496 | Zot:5    | Gained mutation: You occasionally lose the ability to drink
                  | potions when taking damage. [an orb of fire]
 50498 | Zot:5    | Noticed an orb of fire
 50500 | Zot:5    | Killed an orb of fire
 50508 | Zot:5    | Noticed a dread lich
 50514 | Zot:5    | Killed an orb of fire
 50529 | Zot:5    | Killed a dread lich
 50543 | Zot:5    | Noticed an orb of fire
 50560 | Zot:5    | Reached XP level 27. HP: 152/245 MP: 33/33
 50578 | Zot:5    | Killed an orb of fire
 50601 | Zot:5    | Received a gift from Okawaru
 51309 | Crypt:1  | Noticed Jory
 51321 | Crypt:1  | Killed Jory
 51321 | Crypt:1  | Received a gift from Okawaru
 51706 | Crypt:1  | Noticed Bai Suzhen
 51707 | Crypt:1  | Noticed Aizul
 51714 | Crypt:1  | Noticed Margery
 51716 | Crypt:1  | Killed Bai Suzhen
 51720 | Crypt:1  | Killed Aizul
 51727 | Crypt:1  | Killed Margery
 53086 | Vaults:5 | Bought a scroll of enchant armour for 112 gold pieces
 53120 | Vaults:5 | Bought a potion of mutation for 160 gold pieces
 53120 | Vaults:5 | Bought a potion of mutation for 160 gold pieces
 53120 | Vaults:5 | Bought a potion of mutation for 160 gold pieces
 53120 | Vaults:5 | Bought a potion of mutation for 160 gold pieces
 53305 | Depths:1 | Bought a potion of attraction for 45 gold pieces
 53305 | Depths:1 | Bought a potion of attraction for 45 gold pieces
 53305 | Depths:1 | Bought a potion of invisibility for 120 gold pieces
 53845 | Crypt:2  | Received a gift from Okawaru
 54240 | Crypt:2  | Found a runed translucent door.
 54241 | Crypt:2  | Noticed a dread lich
 54295 | Crypt:2  | Found a shimmering altar of Xom.
 54457 | Crypt:2  | Killed a dread lich
 54459 | Crypt:2  | Identified the +4 ice dragon scales of Intense Tender
                  | Moments {rF- rC++ Int+5 Dex-3}
 54510 | Crypt:3  | Entered Level 3 of the Crypt
 54520 | Crypt:3  | Found a basalt altar of Yredelemnul.
 54722 | Crypt:3  | Identified the ring "Epafut Utarr" {Ice rElec Int+3 Dex+3
                  | Slay-6}
 54722 | Crypt:3  | Noticed Josephina
 54740 | Crypt:3  | Noticed Saint Roka
 54742 | Crypt:3  | Identified the +7 war axe of Reos {protect, rN+} (Okawaru
                  | gifted it to you on level 3 of the Crypt)
 54742 | Crypt:3  | Received a gift from Okawaru
 54744 | Crypt:3  | Killed Josephina
 54766 | Crypt:3  | Killed Saint Roka
 54875 | Crypt:3  | Found a staircase to the Tomb.
 55007 | Crypt:3  | Found a basalt altar of Yredelemnul.
 55283 | Crypt:3  | Found an ancient bone altar of Kikubaaqudgha.
 55289 | Crypt:3  | Found a basalt altar of Yredelemnul.
 55306 | Crypt:3  | Identified the +8 hand axe of Peril {heavy, *Noise rElec
                  | Str+2}
 55346 | Crypt:3  | Identified the +2 robe of Cucuqamu {Fly rF++ rN+ Dex-4}
 55347 | Crypt:3  | Identified the +6 war axe "Caeb" {holy, *Noise rF+ Int+2}
 55439 | Crypt:3  | Found a runed translucent gate.
 55439 | Crypt:3  | Found a runed translucent gate.
 55441 | Crypt:3  | Found a runed translucent gate.
 55442 | Crypt:3  | Noticed rrossfarrar's ghost (veteran BaFi)
 55442 | Crypt:3  | Noticed Goucveuvu's ghost (veteran CeHu)
 55442 | Crypt:3  | Noticed rrossfarrar's ghost (veteran BaFi)
 55473 | Crypt:3  | Killed rrossfarrar's ghost
 55475 | Crypt:3  | Killed rrossfarrar's ghost
 55482 | Crypt:3  | Killed Goucveuvu's ghost
 55486 | Crypt:3  | Identified the +1 pair of boots "Litzuan" {-Tele Fly rElec
                  | Dex+6}
 55585 | Tomb:1   | Entered Level 1 of the Tomb of the Ancients
 55859 | Tomb:1   | Identified the +1 hat "Zuonk" {Rampage rElec} (Okawaru
                  | gifted it to you on level 1 of the Tomb of the Ancients)
 55859 | Tomb:1   | Received a gift from Okawaru
 55986 | Tomb:1   | Noticed a royal mummy
 55987 | Tomb:1   | Noticed a royal mummy
 55991 | Tomb:1   | Noticed Khufu
 55991 | Tomb:1   | Noticed a royal mummy
 55994 | Tomb:1   | Noticed a royal mummy
 55995 | Tomb:1   | Noticed a royal mummy
 56006 | Tomb:1   | Killed a royal mummy
 56015 | Tomb:1   | Killed a royal mummy
 56022 | Tomb:1   | Killed a royal mummy
 56028 | Tomb:1   | Killed a royal mummy
 56032 | Tomb:1   | Killed a royal mummy
 56039 | Tomb:1   | Killed Khufu
 56551 | Tomb:2   | Noticed a royal mummy
 56551 | Tomb:2   | Noticed a royal mummy
 56553 | Tomb:2   | Noticed a royal mummy
 56553 | Tomb:2   | Noticed a royal mummy
 56553 | Tomb:2   | Noticed a royal mummy
 56559 | Tomb:2   | Killed a royal mummy
 56563 | Tomb:2   | Killed a royal mummy
 56564 | Tomb:2   | Killed a royal mummy
 56565 | Tomb:2   | Killed a royal mummy
 56566 | Tomb:2   | Killed a royal mummy
 56815 | Tomb:2   | Acquired 701 gold pieces
 56849 | Tomb:1   | Noticed a royal mummy
 56856 | Tomb:1   | Killed a royal mummy
 56882 | Tomb:1   | Noticed a royal mummy
 56889 | Tomb:1   | Killed a royal mummy
 56898 | Tomb:1   | Noticed a royal mummy
 56898 | Tomb:1   | Noticed a royal mummy
 56908 | Tomb:1   | Killed a royal mummy
 56912 | Tomb:1   | Killed a royal mummy
 56912 | Tomb:1   | Received a gift from Okawaru
 56912 | Tomb:1   | Found the +18 shield of the Gong {Loud rN+ Will+ rCorr
                  | EV-5}
 56915 | Tomb:1   | Noticed a royal mummy
 56923 | Tomb:1   | Noticed a royal mummy
 56930 | Tomb:1   | Killed a royal mummy
 56935 | Tomb:1   | Noticed a royal mummy
 56942 | Tomb:1   | Killed a royal mummy
 56943 | Tomb:1   | Noticed a royal mummy
 56953 | Tomb:1   | Killed a royal mummy
 56963 | Tomb:1   | Killed a royal mummy
 56995 | Tomb:1   | Noticed a royal mummy
 56998 | Tomb:1   | Noticed a royal mummy
 57003 | Tomb:1   | Noticed a royal mummy
 57005 | Tomb:1   | Killed a royal mummy
 57014 | Tomb:1   | Killed a royal mummy
 57017 | Tomb:1   | Killed a royal mummy
 57074 | Tomb:1   | Noticed a royal mummy
 57082 | Tomb:1   | Noticed a royal mummy
 57088 | Tomb:1   | Killed a royal mummy
 57100 | Tomb:1   | Noticed a royal mummy
 57106 | Tomb:1   | Killed a royal mummy
 57119 | Tomb:1   | Killed a royal mummy
 57126 | Tomb:1   | Noticed a royal mummy
 57133 | Tomb:1   | Noticed a royal mummy
 57135 | Tomb:1   | Killed a royal mummy
 57148 | Tomb:1   | Killed a royal mummy
 57325 | Tomb:3   | Entered Level 3 of the Tomb of the Ancients
 57344 | Tomb:3   | Noticed a royal mummy
 57344 | Tomb:3   | Noticed a royal mummy
 57352 | Tomb:3   | Killed a royal mummy
 57358 | Tomb:3   | Killed a royal mummy
 57372 | Tomb:3   | Received a gift from Okawaru
 57379 | Tomb:3   | Noticed a royal mummy
 57385 | Tomb:3   | Killed a royal mummy
 57406 | Tomb:3   | Noticed a royal mummy
 57418 | Tomb:3   | Killed a royal mummy
 57450 | Tomb:3   | Found the +3 pair of seven-league boots {Rampage+∞}
 57498 | Tomb:3   | Identified the +0 scale mail of Kikubaaqudgha {rCorr Dex+2
                  | SInv}
 57508 | Tomb:3   | Got the Catalogue of the Turbulent Swarm
 57512 | Tomb:3   | Got the Secrets of Cursed Thermatology
 57514 | Tomb:3   | Got the Anthology of Nausea
 57520 | Tomb:3   | Identified the +10 trident of Brutal Revenge {freeze,
                  | Dex+2}
 57534 | Tomb:3   | Identified the amulet "Veesm" {Acrobat Dex+4}
 57765 | Tomb:3   | Noticed a royal mummy
 57775 | Tomb:3   | Killed a royal mummy
 57798 | Tomb:3   | Noticed a royal mummy
 57814 | Tomb:3   | Killed a royal mummy
 57830 | Tomb:3   | Noticed a royal mummy
 57838 | Tomb:3   | Killed a royal mummy
 57875 | Tomb:3   | Noticed a royal mummy
 57889 | Tomb:3   | Killed a royal mummy
 57901 | Tomb:3   | Noticed a royal mummy
 57910 | Tomb:3   | Killed a royal mummy
 57938 | Tomb:3   | Got a golden rune of Zot
 58521 | Hell     | Entered the Vestibule of Hell
 58521 | Hell     | Noticed Geryon
 58528 | Hell     | Received a gift from Okawaru
 58550 | Hell     | Killed Geryon
 58726 | Hell     | Found a gateway to the Iron City of Dis.
 58782 | Hell     | Found a gateway to the ashen valley of Gehenna.
 58784 | Hell     | Found a gateway to the freezing wastes of Cocytus.
 58879 | Hell     | Found a gateway to the decaying netherworld of Tartarus.
 59183 | Zig:1    | Entered Level 1 of a ziggurat
 59183 | Zig:1    | Noticed Gungecack the pandemonium lord
 59193 | Zig:1    | Killed Gungecack the pandemonium lord
 59205 | Zig:2    | Entered Level 2 of a ziggurat
 59232 | Zig:3    | Entered Level 3 of a ziggurat
 59261 | Zig:4    | Entered Level 4 of a ziggurat
 59263 | Zig:4    | Paralysed by an air elemental for 1 turns
 59289 | Zig:4    | Identified the ring "Zeshibbu" {rF- rC+++ AC+4 Dex-2
                  | Stlth+}
 59293 | Zig:5    | Entered Level 5 of a ziggurat
 59318 | Zig:5    | Identified the +3 short sword of Starshine {drain, Will+
                  | Str-5 Dex+3}
 59334 | Zig:6    | Entered Level 6 of a ziggurat
 59371 | Zig:6    | Identified the ring of Insomnia {Wiz rElec Will- Dex+3
                  | Slay+3}
 59382 | Zig:7    | Entered Level 7 of a ziggurat
 59389 | Zig:7    | Identified the +0 robe of Vermicelli {rF+ rC+ Int+6}
                  | (Okawaru gifted it to you on level 7 of a ziggurat)
 59389 | Zig:7    | Received a gift from Okawaru
 59433 | Zig:7    | Identified the +3 hand axe "Jellyslayer" {freeze, SInv}
 59500 | Zig:8    | Entered Level 8 of a ziggurat
 59506 | Zig:8    | Noticed Noudes the pandemonium lord
 59507 | Zig:8    | Noticed Soamnykai the pandemonium lord
 59519 | Zig:8    | Killed Noudes the pandemonium lord
 59524 | Zig:8    | Killed Soamnykai the pandemonium lord
 59567 | Zig:9    | Entered Level 9 of a ziggurat
 59600 | Zig:9    | Identified the +5 plate armour "Oxopigga" {rPois rC+}
 59607 | Zig:9    | Got the Lectures on Pestilence and Malediction
 59618 | Zig:10   | Entered Level 10 of a ziggurat
 59679 | Zig:10   | Identified the +0 sling of Gedanaos {flame, rPois Stlth+}
 59680 | Zig:10   | Identified the staff of Tomorrow {rF+ rN+ Dex+4 Necro}
 59683 | Zig:10   | Got the Vellum of the Sneaky Friars
 59688 | Zig:10   | Identified the amulet "Vecifod" {Acrobat rPois}
 59692 | Zig:11   | Entered Level 11 of a ziggurat
 59697 | Zig:11   | Noticed Gicvuis the pandemonium lord
 59697 | Zig:11   | Noticed Usuff the pandemonium lord
 59710 | Zig:11   | Killed Usuff the pandemonium lord
 59716 | Zig:11   | Killed Gicvuis the pandemonium lord
 59728 | Zig:11   | Identified the amulet of the Queen {Acrobat Harm Fly rF+++
                  | SInv}
 59736 | Zig:11   | Got Sif Muna's Dissertation on the Jinx and the Spider
 59748 | Zig:12   | Entered Level 12 of a ziggurat
 59753 | Zig:12   | Noticed Akiylerph the pandemonium lord
 59755 | Zig:12   | Noticed Kuffiotaa the pandemonium lord
 59763 | Zig:12   | Killed Akiylerph the pandemonium lord
 59770 | Zig:12   | Killed Kuffiotaa the pandemonium lord
 59797 | Zig:12   | Identified the amulet of Udemeik {Faith Dex+4}
 59798 | Zig:12   | Identified the +7 orcbow of Suvasch {drain, rC+ MP+9 Dex+2}
 59806 | Zig:12   | Identified the amulet of Hoabum {RegenMP Fly rN++ Will-}
 59814 | Zig:12   | Identified the ring "Zokhlit" {rN+ Will+ MP+9 Dex+3}
 59839 | Zig:13   | Entered Level 13 of a ziggurat
 59851 | Zig:13   | Found the +8 frozen axe "Frostbite" {freeze, freezing
                  | cloud, *Noise Fly rC+}
 59860 | Zig:13   | Identified the +8 rapier "Ungast" {venom, rElec rCorr Int-3
                  | Dex-2} (Okawaru gifted it to you on level 13 of a ziggurat)
 59860 | Zig:13   | Received a gift from Okawaru
 59920 | Zig:14   | Entered Level 14 of a ziggurat
 59999 | Zig:14   | Identified the ring of Mecas {rN+ rCorr SInv Stlth-}
 60013 | Zig:14   | Identified the ring "Keweal" {rPois Will- MP+9 Dex+5}
 60030 | Zig:14   | Identified the +5 chain mail "Dulesec" {rF- Str+3 Int+3
                  | Dex+5}
 60102 | Zig:15   | Entered Level 15 of a ziggurat
 60115 | Zig:15   | Found the +16 obsidian axe {drain, demonic, Mesm Drain Fly
                  | SInv}
 60141 | Zig:15   | Identified the +0 kite shield of Lethargy {Will- MP+9 SInv}
                  | (Okawaru gifted it to you on level 15 of a ziggurat)
 60141 | Zig:15   | Received a gift from Okawaru
 60147 | Zig:15   | Identified the ring of Qoxac {rElec rC+ EV+5}
 60200 | Zig:15   | Identified the +0 robe of Inoraff {+Blink +Inv rElec Will-}
 60240 | Zig:16   | Entered Level 16 of a ziggurat
 60249 | Zig:16   | Found the +7 Spriggan's Knife {stab, EV+4 Stlth+}
 60283 | Zig:16   | Identified the +3 short sword "Ewuaj" {heavy, Dex+3}
 60316 | Zig:16   | Identified the +4 troll leather armour "Onynn" {rF+++
                  | Regen+ Int-3 Slay+6}
 60321 | Zig:16   | Identified the +1 rapier of Wondrous Power {freeze, rN+}
 60337 | Zig:17   | Entered Level 17 of a ziggurat
 60384 | Zig:17   | Identified the +2 robe of Tilisisu {Drain +Inv MP+9 Slay+5}
 60387 | Zig:17   | Identified the +9 quarterstaff of Checkmate {flame, Will+
                  | Stlth+}
 60392 | Zig:17   | Identified the +8 spear "Puinyc" {speed, rCorr Int+6
                  | Stlth+}
 60394 | Zig:17   | Identified the +8 orcbow of Terra Nullius {flame, Dex+8}
 60402 | Zig:17   | Identified the ring "Tivup" {rCorr Str+2}
 60427 | Zig:18   | Entered Level 18 of a ziggurat
 60445 | Zig:18   | Found the +2 Maxwell's thermic engine {flame, freeze, rev}
 60454 | Zig:18   | Reached skill level 5 in Throwing
 60507 | Zig:18   | Identified the ring "Boozaih" {*Slow Will+ Str+6 Int+3}
 60542 | Zig:19   | Entered Level 19 of a ziggurat
 60564 | Zig:19   | Identified the +1 pair of boots of the Nine Beds {Drain
                  | Str+3 SInv} (Okawaru gifted it to you on level 19 of a
                  | ziggurat)
 60564 | Zig:19   | Received a gift from Okawaru
 60576 | Zig:19   | Reached skill level 10 in Throwing
 60610 | Zig:19   | Identified the +5 falchion "Fitilyaf" {flame, Fly MP+9
                  | Dex+2}
 60611 | Zig:19   | Identified the staff "Raboqurgh" {Drain rElec Int+3 Air
                  | Poison}
 60722 | Zig:20   | Entered Level 20 of a ziggurat
 60733 | Zig:20   | Noticed a juggernaut
 60733 | Zig:20   | Noticed a juggernaut
 60733 | Zig:20   | Noticed a juggernaut
 60746 | Zig:20   | Killed a juggernaut
 60755 | Zig:20   | Killed a juggernaut
 60757 | Zig:20   | Killed a juggernaut
 60800 | Zig:20   | Identified the +6 broad axe "Unuf" {freeze, Str+4}
 60804 | Zig:20   | Identified the +6 fire dragon scales "Iliwkeu" {+Inv rF++
                  | rC- rN++ rCorr Dex-5}
 60810 | Zig:20   | Identified the +2 spear of Demonkind {flame, rF+ rN+ Int-2
                  | Dex+8}
 60823 | Zig:20   | Identified the +1 quarterstaff of Bread {freeze, SInv}
 60866 | Zig:21   | Entered Level 21 of a ziggurat
 60876 | Zig:21   | Noticed a royal mummy
 60878 | Zig:21   | Noticed a royal mummy
 60879 | Zig:21   | Noticed a royal mummy
 60880 | Zig:21   | Noticed a royal mummy
 60890 | Zig:21   | Killed a royal mummy
 60892 | Zig:21   | Killed a royal mummy
 60896 | Zig:21   | Reached skill level 15 in Throwing
 60899 | Zig:21   | Killed a royal mummy
 60928 | Zig:21   | Killed a royal mummy
 60965 | Zig:21   | Identified the +0 cloak "Lecicryva" {rN+++ Str-2 Dex-4
                  | SInv}
 60966 | Zig:21   | Identified the +7 lajatang of the Nurturing Hero {flame,
                  | Int+2}
 60970 | Zig:21   | Identified the ring "Niclom" {rF+ SInv}
 61050 | Zig:22   | Entered Level 22 of a ziggurat
 61073 | Zig:22   | Received a gift from Okawaru
 61231 | Zig:22   | Identified the ring "Suvunal" {*Slow Int+5 Dex+6}
 61250 | Zig:23   | Entered Level 23 of a ziggurat
 61333 | Zig:23   | Found the +10 tower shield of Ignorance {rN+ Int-4}
 61351 | Zig:23   | Found the +6 arbalest "Damnation" {damnation}
 61360 | Zig:23   | Identified the +1 scale mail of Watchfulness {rElec rC+}
 61369 | Zig:23   | Identified the +0 pair of boots of Dosegedu {Fly Int+4}
 61371 | Zig:23   | Identified the +7 orcbow of the Curious Demons {freeze,
                  | rElec}
 61373 | Zig:23   | Identified the +1 rapier of Resourcefulness {protect, Dex+3
                  | Stlth+}
 61393 | Zig:24   | Entered Level 24 of a ziggurat
 61442 | Zig:24   | Found the +4 Cigotuvi's embrace {Corpsefed rMiasma Drain
                  | rN+}
 61447 | Zig:25   | Entered Level 25 of a ziggurat
 61486 | Zig:25   | Noticed an ancient lich
 61496 | Zig:25   | Killed an ancient lich
 61501 | Zig:25   | Noticed an ancient lich
 61511 | Zig:25   | Killed an ancient lich
 61513 | Zig:25   | Received a gift from Okawaru
 61528 | Zig:25   | Received a gift from Okawaru
 61708 | Zig:25   | Identified the amulet "Imien" {Faith Dex+2}
 61733 | Zig:25   | Identified the +2 mace of Ru {vamp, MP+9}
 61752 | Zig:25   | Identified the staff "Eboj" {rC+ Int+5 Dex+3 Earth}
 61756 | Zig:25   | Identified the ring of Asaeclit {rF+ rC++ MP+9 Str-4 Int+3}
 61760 | Zig:25   | Identified the +0 ring mail "Nuzu" {Harm Will+}
 61773 | Zig:26   | Entered Level 26 of a ziggurat
 61809 | Zig:26   | Received a gift from Okawaru
 61854 | Zig:26   | Reached skill level 27 in Armour
 61899 | Zig:26   | Found the +3 Elemental Staff {rElec rF+ rC+ AC+3}
 61924 | Zig:26   | Identified the +6 orcbow of Proximity {drain, rN+ Str+2
                  | Int+2}
 61928 | Zig:26   | Got the Elucidation of Evolution
 61929 | Zig:26   | Identified the +0 ring mail "Mycvac" {rElec Dex+2}
 61936 | Zig:26   | Identified the +0 helmet of Weightlessness {MP+9 Str+2}
 61938 | Zig:26   | Identified the ring "Homamirch" {Fly SInv}
 61967 | Zig:26   | Identified the +0 dagger of Fapsergh {venom, rElec Dex+2}
 62027 | Zig:27   | Entered Level 27 of a ziggurat
 62086 | Zig:27   | Reached skill level 27 in Shields
 62143 | Zig:27   | Noticed a dread lich
 62147 | Zig:27   | Received a gift from Okawaru
 62166 | Zig:27   | Killed a dread lich
 62172 | Zig:27   | Received a gift from Okawaru
 62183 | Zig:27   | HP: 3/245 [Hell Sentinel/damnation (25)]
 62344 | Zig:27   | Identified the +2 glaive of Uncertain Death {venom, Contam
                  | Fly rElec rF+++}
 62351 | Zig:27   | Identified the +6 morningstar "Impbane" {holy, +Blink rF+
                  | MP+9}
 62352 | Zig:27   | Identified the +1 mace of the Tent {freeze, rElec rN+
                  | Int+3}
 62354 | Zig:27   | Identified the +1 ring mail of the Dwarven Hall {rCorr}
 62363 | Zig:27   | Identified the +1 war axe of Poverty {vamp, Dex+2}
 62372 | Zig:27   | Identified the ring of Jehiosut {rF++ Will+ rCorr Dex-2
                  | Slay+3}
 62389 | Zig:27   | Identified the +5 sling "Zeum" {antimagic, rC+ Int+3}
 62429 | Depths:3 | Lost mutation: You are agile. (Dex +4, Str/Int -1) [potion
                  | of mutation]
 62429 | Depths:3 | Lost mutation: You are somewhat resistant to further
                  | mutation. [potion of mutation]
 62429 | Depths:3 | Lost mutation: You are frail. (-10% HP) [potion of
                  | mutation]
 62429 | Depths:3 | Gained mutation: You are mostly covered in iridescent
                  | scales. (AC +4) [potion of mutation]
 62429 | Depths:3 | Gained mutation: Your mind is acute. (Int +4, Str/Dex -1)
                  | [potion of mutation]
 62429 | Depths:3 | Gained mutation: You are frail. (-10% HP) [potion of
                  | mutation]
 62429 | Depths:3 | Gained mutation: You are agile. (Dex +4, Str/Int -1)
                  | [potion of mutation]
 62430 | Depths:3 | Lost mutation: You are agile. (Dex +4, Str/Int -1) [potion
                  | of mutation]
 62430 | Depths:3 | Lost mutation: You occasionally lose the ability to drink
                  | potions when taking damage. [potion of mutation]
 62430 | Depths:3 | Lost mutation: Your mind is acute. (Int +4, Str/Dex -1)
                  | [potion of mutation]
 62430 | Depths:3 | Gained mutation: Your muscles are strong. (Str +4, Int/Dex
                  | -1) [potion of mutation]
 62430 | Depths:3 | Gained mutation: Armour fits poorly on your strangely
                  | shaped body. [potion of mutation]
 62430 | Depths:3 | Gained mutation: You have sharp toenails. [potion of
                  | mutation]
 62431 | Depths:3 | Lost mutation: Armour fits poorly on your strangely shaped
                  | body. [potion of mutation]
 62431 | Depths:3 | Lost mutation: You are mostly covered in iridescent scales.
                  | (AC +4) [potion of mutation]
 62431 | Depths:3 | Lost mutation: You have sharp toenails. [potion of
                  | mutation]
 62431 | Depths:3 | Gained mutation: You occasionally lose the ability to drink
                  | potions when taking damage. [potion of mutation]
 62431 | Depths:3 | Gained mutation: You are dopey. (Int -2) [potion of
                  | mutation]
 62431 | Depths:3 | Lost mutation: You are frail. (-10% HP) [potion of
                  | mutation]
 62431 | Depths:3 | Gained mutation: Your muscles are very strong. (Str +8,
                  | Int/Dex -2) [potion of mutation]
 62432 | Depths:3 | Lost mutation: Your muscles are very strong. (Str +8,
                  | Int/Dex -2) [potion of mutation]
 62432 | Depths:3 | Lost mutation: You occasionally lose the ability to drink
                  | potions when taking damage. [potion of mutation]
 62432 | Depths:3 | Lost mutation: You are dopey. (Int -2) [potion of mutation]
 62432 | Depths:3 | Gained mutation: You sometimes lose your temper in combat.
                  | [potion of mutation]
 62432 | Depths:3 | Gained mutation: You are agile. (Dex +4, Str/Int -1)
                  | [potion of mutation]
 62433 | Depths:3 | Lost mutation: Your muscles are strong. (Str +4, Int/Dex
                  | -1) [potion of mutation]
 62433 | Depths:3 | Lost mutation: You are partially covered in iridescent
                  | scales. (AC +2) [potion of mutation]
 62433 | Depths:3 | Gained mutation: You are partially covered in large bone
                  | plates. (SH +4) [potion of mutation]
 62433 | Depths:3 | Gained mutation: You occasionally lose the ability to read
                  | scrolls when taking damage. [potion of mutation]
 62433 | Depths:3 | Gained mutation: You are partially covered in iridescent
                  | scales. (AC +2) [potion of mutation]
 62433 | Depths:3 | Lost mutation: You sometimes lose your temper in combat.
                  | [potion of mutation]
 62434 | Depths:3 | Lost mutation: You occasionally lose the ability to read
                  | scrolls when taking damage. [potion of mutation]
 62434 | Depths:3 | Lost mutation: You are partially covered in iridescent
                  | scales. (AC +2) [potion of mutation]
 62434 | Depths:3 | Lost mutation: You are agile. (Dex +4, Str/Int -1) [potion
                  | of mutation]
 62434 | Depths:3 | Gained mutation: Your natural rate of healing is unusually
                  | fast. [potion of mutation]
 62512 | Pan      | Entered Pandemonium
 62658 | Pan      | Identified the +0 rapier of Xakig {drain, MP+9 Int+3 Dex+3}
 62659 | Pan      | Identified the +4 steam dragon scales "Muvoonuo" {Contam
                  | Fly Int+3 Dex+4}
 62671 | Pan      | Found a transporter.
 62694 | Pan      | Received a gift from Okawaru
 62737 | Pan      | Identified the ring "Goaz" {Ice Stlth+}
 62750 | Pan      | Found a transporter.
 62756 | Pan      | Identified the +2 helmet of the Volcano {Stlth+}
 62978 | Pan      | Received a gift from Okawaru
 63017 | Pan      | Found an exit through the horrors of the Abyss.
 63065 | Pan      | Noticed Huluroma the pandemonium lord
 63071 | Pan      | Received a gift from Okawaru
 63073 | Pan      | Killed Huluroma the pandemonium lord
 63119 | Pan      | Found an exit through the horrors of the Abyss.
 63125 | Pan      | Entered the realm of Gloorx Vloq.
 63233 | Pan      | Noticed Gloorx Vloq
 63249 | Pan      | Killed Gloorx Vloq
 63259 | Pan      | Got a dark rune of Zot
 63351 | Pan      | Received a gift from Okawaru
 63576 | Pan      | Entered the realm of Mnoleg.
 63576 | Pan      | Noticed Mnoleg
 63580 | Pan      | Paralysed by a floating eye for 3 turns
 63588 | Pan      | Identified the +0 hat "Qihiudi" {rElec Str+3 Stlth+}
                  | (Okawaru gifted it to you in Pandemonium)
 63588 | Pan      | Received a gift from Okawaru
 63596 | Pan      | Killed Mnoleg
 63701 | Pan      | Got a glowing rune of Zot
 63954 | Pan      | Noticed Mets the pandemonium lord
 63974 | Pan      | Killed Mets the pandemonium lord
 64077 | Pan      | Noticed Seyxzuoz the pandemonium lord
 64088 | Pan      | Killed Seyxzuoz the pandemonium lord
 64151 | Pan      | Entered the realm of Cerebov.
 64151 | Pan      | Found an exit through the horrors of the Abyss.
 64157 | Pan      | Acquired a manual of Summonings
 64269 | Pan      | Found the +6 sword of Cerebov {flame}
 64269 | Pan      | Noticed Cerebov
 64304 | Pan      | Killed Cerebov
 64336 | Pan      | Received a gift from Okawaru
 64362 | Pan      | Identified the +5 plate armour "Oliawiyd" {Drain rElec
                  | rCorr Dex+2}
 64383 | Pan      | Identified the staff "Ynuhoy" {rF+ rN+ Will+ Necro}
 64389 | Pan      | Identified the +1 scale mail of Dicwydyr {rN+}
 64390 | Pan      | Identified the +4 spear of the Spectre {spect, rPois Str+4
                  | Dex+3}
 64415 | Pan      | Identified the +6 scale mail "Hanec" {rC- rCorr Int+5}
 64498 | Pan      | Identified the +9 trident "Guzixus" {flame, Dex+3}
 64505 | Pan      | Identified the +3 orcbow "Demon's Foe" {freeze, Fragile
                  | rCorr Str+7 SInv}
 64569 | Pan      | Identified the +7 kite shield "Sitoomin" {Dex+3}
 64590 | Pan      | Got a fiery rune of Zot
 64729 | Pan      | Found a glowing silver altar of Zin.
 64753 | Pan      | Identified the +4 tower shield "Kexat" {rElec}
 64952 | Pan      | Noticed a seraph
 64958 | Pan      | Identified the +1 buckler of Peek-a-Boo {rPois Will++ rCorr
                  | Str-4}
 64968 | Pan      | Killed a seraph
 64993 | Pan      | Found a glowing golden altar of the Shining One.
 65004 | Pan      | Identified the +4 short sword of Idintofi {drain, Str+3
                  | Dex+6}
 65005 | Pan      | Identified the +1 great sword of Aharr {freeze, rPois
                  | Will+}
 65006 | Pan      | Identified the +5 scimitar of Currency {heavy, rN+ Will+
                  | Int-4}
 65008 | Pan      | Identified the +6 dagger "Axony" {freeze, rF+ Dex+3 Stlth+}
 65010 | Pan      | Got a demonic rune of Zot
 65012 | Pan      | Identified the +6 battleaxe "Echaz" {freeze, Fly}
 65015 | Pan      | Identified the +8 plate armour of Least Resistance {rElec
                  | rF+ rN+ Str-3}
 65472 | Pan      | Found a white marble altar of Elyvilon.
 65541 | Pan      | Reached skill level 27 in Dodging
 65835 | Pan      | Received a gift from Okawaru
 66671 | Pan      | Entered the realm of Lom Lobon.
 66672 | Pan      | Identified the +2 cloak "Buhorgh" {Rampage Fly rN+ Int+2}
                  | (Okawaru gifted it to you in Pandemonium)
 66672 | Pan      | Received a gift from Okawaru
 66958 | Pan      | Noticed Lom Lobon
 66982 | Pan      | Killed Lom Lobon
 67007 | Pan      | Got a magical rune of Zot
 67236 | Depths:2 | Escaped Pandemonium
 67354 | Depths:3 | Voluntarily entered the Abyss.
 67758 | Abyss:2  | Found a corrupted altar of Lugonu.
 67765 | Abyss:2  | Found a corrupted altar of Lugonu.
 67773 | Abyss:2  | Found a corrupted altar of Lugonu.
 67773 | Abyss:2  | Found a corrupted altar of Lugonu.
 67846 | Abyss:2  | Reached skill level 27 in Invocations
 67922 | Abyss:2  | Found a corrupted altar of Lugonu.
 67944 | Abyss:2  | Found a corrupted altar of Lugonu.
 67944 | Abyss:2  | Found a corrupted altar of Lugonu.
 68243 | Abyss:4  | Found a corrupted altar of Lugonu.
 68295 | Abyss:4  | Got an abyssal rune of Zot
 68352 | Abyss:4  | Found a corrupted altar of Lugonu.
 68363 | Abyss:4  | Found a corrupted altar of Lugonu.
 68389 | Depths:3 | Escaped the Abyss
 68497 | Tar:1    | Entered Level 1 of Tartarus
 68497 | Tar:1    | Noticed an ancient lich
 68523 | Tar:1    | Killed an ancient lich
 68523 | Tar:1    | Received a gift from Okawaru
 68536 | Tar:1    | Received a gift from Okawaru
 68981 | Tar:4    | Identified the +7 hand axe of Classification {heavy, rElec
                  | rF+++ Str-4 Stlth+} (Okawaru gifted it to you on level 4 of
                  | Tartarus)
 68981 | Tar:4    | Received a gift from Okawaru
 69224 | Tar:7    | Entered Level 7 of Tartarus
 69313 | Tar:7    | Noticed Ereshkigal
 69337 | Tar:7    | Received a gift from Okawaru
 69348 | Tar:7    | Killed Ereshkigal
 69348 | Tar:7    | Received a gift from Okawaru
 69390 | Tar:7    | Identified the +1 cloak "Ledwofugh" {Str+3 Dex+5} (Okawaru
                  | gifted it to you on level 7 of Tartarus)
 69390 | Tar:7    | Received a gift from Okawaru
 69418 | Tar:7    | Identified the +0 plate armour of Responsibility {rPois
                  | Will+}
 69513 | Tar:7    | Noticed an ancient lich
 69529 | Tar:7    | Killed an ancient lich
 69720 | Tar:7    | Noticed a dread lich
 69724 | Tar:7    | Killed a dread lich
 70059 | Tar:7    | Got a bone rune of Zot
 70080 | Tar:7    | Found the +7 great mace "Firestarter" {flame, immolate,
                  | rFlCloud rF++}
 70134 | Tar:7    | Identified the ring of Fragile Peace {rCorr Dex+6 Stlth-}
 70137 | Tar:7    | Noticed a dread lich
 70137 | Tar:7    | Paralysed by a dread lich for 5 turns
 70150 | Tar:7    | Killed a dread lich
 70202 | Tar:7    | Identified the amulet of Agnosticism {Acrobat rElec rN+++
                  | Dex-4 Slay+2}
 70298 | Geh:1    | Entered Level 1 of Gehenna
 70393 | Geh:1    | Received a gift from Okawaru
 70627 | Geh:3    | Received a gift from Okawaru
 70645 | Geh:3    | Identified the +1 broad axe "Wifas" {speed, Fly Dex+5}
                  | (Okawaru gifted it to you on level 3 of Gehenna)
 70645 | Geh:3    | Received a gift from Okawaru
 70768 | Geh:4    | Noticed an ancient lich
 70785 | Geh:4    | Killed an ancient lich
 70809 | Geh:5    | You are sucked into a shaft and drop 1 floor!
 70873 | Geh:7    | Entered Level 7 of Gehenna
 70992 | Geh:7    | Identified the +13 chain mail of Trumpets {Rampage rC+
                  | Will+} (Okawaru gifted it to you on level 7 of Gehenna)
 70992 | Geh:7    | Received a gift from Okawaru
 71481 | Geh:7    | Found the +13 sceptre of Asmodeus
 71481 | Geh:7    | Noticed Asmodeus
 71499 | Geh:7    | Killed Asmodeus
 71513 | Geh:7    | Found the +3 crown of Dyrovepreva {rElec Int+2 SInv}
 71514 | Geh:7    | Identified the ring of Knowledge {EV+5 Dex+4 Stlth+}
 71524 | Geh:7    | Identified the +4 halberd of Keetoxzo {vamp, +Blink rF++
                  | Str-4 Dex-3}
 71536 | Geh:7    | Got an obsidian rune of Zot
 71565 | Geh:7    | Identified the ring of Riki {Dex+4 Slay+4 SInv}
 71748 | Geh:7    | Reached skill level 27 in Shapeshifting
 71806 | Geh:7    | Reached skill level 1 in Stealth
 71985 | Coc:1    | Entered Level 1 of Cocytus
 71991 | Coc:1    | Paralysed by a wendigo for 1 turns
 72156 | Coc:3    | You are sucked into a shaft and drop 3 floors!
 72169 | Coc:6    | Reached skill level 5 in Stealth
 72176 | Coc:7    | Entered Level 7 of Cocytus
 72302 | Coc:7    | Paralysed by a wendigo for 1 turns
 72314 | Coc:7    | Identified the +0 hat of Theory {rPois} (Okawaru gifted it
                  | to you on level 7 of Cocytus)
 72314 | Coc:7    | Received a gift from Okawaru
 72332 | Coc:7    | Paralysed by a wendigo for 1 turns
 72345 | Coc:7    | Noticed the Serpent of Hell
 72361 | Coc:7    | Killed the Serpent of Hell
 72405 | Coc:7    | Paralysed by a wendigo for 1 turns
 72424 | Coc:7    | Reached skill level 10 in Stealth
 72429 | Coc:7    | Noticed Antaeus
 72455 | Coc:7    | Paralysed by a wendigo for 1 turns
 72525 | Coc:7    | Killed Antaeus
 72758 | Coc:7    | Identified the ring of Doubts {Will+ Str+2}
 72795 | Coc:7    | Identified the +4 broad axe of the Unspeakable One {drain,
                  | Str+3 SInv} (Okawaru gifted it to you on level 7 of
                  | Cocytus)
 72795 | Coc:7    | Received a gift from Okawaru
 72989 | Coc:7    | Identified the staff "Titz" {rC+ Will+ Earth}
 72991 | Coc:7    | Identified the staff of the Burning Enemy {rF+ rCorr Dex-3
                  | Conj}
 72995 | Coc:7    | Got an icy rune of Zot
 72996 | Coc:7    | Identified the staff "Ewke" {rElec rPois rC- Stlth+ Poison}
 72999 | Coc:7    | Identified the +6 plate armour "Kylaoc Liut" {Dex+2}
 73065 | Coc:7    | Found the +7 captain's cutlass {speed, disarm}
 73080 | Coc:7    | Got the Book of the Blink Frog and Contamination
 73180 | Dis:1    | Entered Level 1 of the Iron City of Dis
 73411 | Dis:4    | You are sucked into a shaft and drop 2 floors!
 73604 | Dis:6    | Reached skill level 15 in Stealth
 73666 | Dis:7    | Entered Level 7 of the Iron City of Dis
 73711 | Dis:7    | Received a gift from Okawaru
 73915 | Dis:7    | Noticed a juggernaut
 73928 | Dis:7    | Killed a juggernaut
 74173 | Dis:7    | Identified the ring of the Open Hand {rPois rCorr AC+4
                  | Str-4 Slay+5}
 74219 | Dis:7    | Noticed a juggernaut
 74231 | Dis:7    | Killed a juggernaut
 74232 | Dis:7    | Received a gift from Okawaru
 74411 | Dis:7    | Noticed a juggernaut
 74424 | Dis:7    | Killed a juggernaut
 74435 | Dis:7    | Received a gift from Okawaru
 74590 | Dis:7    | Identified the ring "Ofeafo" {Fly rC- Str+4 Dex+9 Slay+5}
 74590 | Dis:7    | Noticed Dispater
 74613 | Dis:7    | Killed Dispater
 74613 | Dis:7    | Identified the +5 kite shield of Subjectivity {rC+}
                  | (Okawaru gifted it to you on level 7 of the Iron City of
                  | Dis)
 74613 | Dis:7    | Received a gift from Okawaru
 74637 | Dis:7    | Identified the staff of the Leaping Seer {rCorr Conj}
 74642 | Dis:7    | Got an iron rune of Zot
 74898 | Zot:5    | Got the Orb of Zot
 75247 | D:11     | Noticed Jufuf the pandemonium lord
 75252 | D:11     | Killed Jufuf the pandemonium lord
 75468 | D:$      | Escaped with the Orb!

Illustrated notes

Levels and vault maps discovered:
D:1:      giann_wishing_wells, layout_basic
D:2:      layout_rooms
D:3:      layout_loops_ring, serial_shops, nicolae_shop_hallway_plus,
          minmay_circle_x, uniq_natasha, uniq_ijyb
D:4:      layout_cave_pools, trog_book, chequers_ossuary_entry_cave,
          kennysheep_nub, minmay_vboxes
D:5:      layout_cave_pools, grunt_qazlal_sundering, fiery_altar_vehumet,
          general_overflow_altar
D:6:      layout_rooms, mainiacjoe_overflow_tiny_flanked, lemuel_tele_altar,
          minmay_temple_entry_overgrown
D:7:      layout_gridville, mainiacjoe_overflow_surrounded_room, enter_bailey_5
D:8:      layout_loops_ring, minmay_fractal_squares_5
D:9:      layout_basic, grunt_temple_overflow_opulence,
          gammafunk_temple_overflow_wave,
          nicolae_hepliaklqana_monster_ancestors, mainiacjoe_overflow_brackets,
          nicolae_the_louvre
D:10:     nicolae_cairo_tiling_large_dashed, layout_rooms,
          mainiacjoe_overflow_alcove_4, mainiacjoe_overflow_boulevard,
          nrook_loot_triangle, nicolae_shop_overcharged_wands
D:11:     minmay_the_grid_square_5x5_4x4_mashed
          [minmay_the_grid_square_5x5_n_small, minmay_the_grid_square_5x5_plus,
          minmay_the_grid_square_5x5_two_walls_a,
          minmay_the_grid_square_5x5_comb,
          minmay_the_grid_square_5x5_two_walls_b,
          minmay_the_grid_square_5x5_prize_deathbox,
          minmay_the_grid_square_5x5_prize_gold,
          minmay_the_grid_square_5x5_shrine1,
          minmay_the_grid_square_5x5_hourglass,
          minmay_the_grid_square_5x5_prize_junk,
          minmay_the_grid_square_5x5_prize_snowflake,
          minmay_the_grid_square_5x5_moneybag, minmay_the_grid_square_5x5_inset,
          minmay_the_grid_square_5x5_corner, minmay_the_grid_square_5x5_meh,
          minmay_the_grid_square_5x5_checkered], layout_layer_cave,
          lair_entry_dummy
D:12:     layout_loops_cross
D:13:     layout_basic, minmay_misc_feat_chi, kennysheep_nondescript
D:14:     layout_roguey, lightli_vaults_fourway_checkpoint,
          nicolae_dithmenos_through_a_glass_darkly
D:15:     grunt_enter_depths_magical_seal, layout_long_grid, nrook_campfire
Temple:   hellmonk_temple_two_chambers
Lair:1:   layout_gridlike
Lair:2:   layout_hall_layers, minmay_shoals_entry_hut, spider_nest_entry_a,
          infiniplex_staircase_pool_2, uniq_nergalle
Lair:3:   layout_cave_pods
Lair:4:   layout_cave_pods, nicolae_slime_entry_slimehenge, minivault_25,
          grunt_megastairs_2
Lair:5:   hellmonk_lair_end_abyssal_woods, layout_cave_pods,
          kilobyte_rumbling_trees, uniq_kirke
Shoals:1: layout_shoals, argonaut_gorgonesque
Shoals:2: layout_shoals, hangedman_shoal_volcano
Shoals:3: layout_shoals
Shoals:4: shoals_end_grunt_ice, layout_shoals, nicolae_alphabet_shops
Spider:1: layout_spider_delve
Spider:2: nicolae_spider_brood_tunnel, uniq_asterion
Spider:3: nicolae_spider_mines_2, nicolae_orb_island
Spider:4: hellmonk_spider_rune_bug_friends
Slime:1:  layout_caves, cheibrodos_slime_lost_civilization_4
Slime:2:  layout_caves
Slime:3:  layout_caves
Slime:4:  layout_caves
Slime:5:  slime_pit_nicolae_jellycorners, uniq_dissolution
Orc:1:    layout_diamond_mine, nicolae_shop_clearance, uniq_erolcha, uniq_harold
Orc:2:    st_orc_congregation, layout_caves, basic_altar,
          hellmonk_guarded_unrand_dark_maul
Elf:1:    minmay_elf_arrival_summoners, layout_onion_city,
          hangedman_corner_corridor, minivault_16
Elf:2:    elven_hall_of_blades_hangedman_original [nicolae_blade_lattice],
          layout_loops_corners, serial_shops, nicolae_shop_crystal,
          nicolae_shop_tiny_statue_garden
Elf:3:    minmay_elf_hall_not_hex, layout_loops_cross, billiards_dpeg
Vaults:1: nicolae_vaults_tangram_2, nicolae_vaults_storage_closets_2, v_misc_9,
          nicolae_vaults_diamond_1, v_alt_pattern_6, nicolae_vaults_tangram_2,
          nicolae_vaults_heart-shaped_vault, v_misc_16,
          nicolae_vaults_little_ls, vaults_room_pool, ontoclasm_vaults_chip,
          v_misc_25, v_pattern_3, ontoclasm_vaults_gateway,
          layout_vaults_big_room, serial_glass
Vaults:2: nicolae_vaults_corridor_and_loot_room, hangedman_vaults_slither,
          v_rooms_3, nicolae_vaults_specimen_jars, nicolae_vaults_shelves_hall,
          vaults_mumra_lcd, nicolae_vaults_six-pack, ontoclasm_vaults_chip,
          nicolae_vaults_doubleplus_tesselated, layout_vaults_omnigrid,
          serial_shops, nicolae_shop_stone
Vaults:3: nicolae_vaults_thirteen_compartments,
          nicolae_vaults_network_periphery, vaults_mumra_minichess,
          grunt_vaults_funnel, grunt_vaults_trifunnel, grunt_vaults_swirl,
          nicolae_vaults_spaceships, nicolae_vaults_double_plus_1,
          minmay_crypt_entry_nasty_monster, nicolae_vaults_theta,
          vaults_dpeg_emergency_exit, layout_vaults_ring
Vaults:4: nicolae_vaults_puzzle_piece, nicolae_vaults_rhombus_7,
          nicolae_vaults_mitosis, nicolae_vaults_shelves_hall,
          nicolae_vaults_closet_pinwheel_6,
          nicolae_vaults_offset_grid_hallway_3,
          nicolae_vaults_variable_pillar_hall_cross,
          nicolae_vaults_tetromino_Z_1, v_misc_12, vaults_standard_mumra_x,
          ontoclasm_vaults_ligature, nicolae_vaults_wine_cellar,
          nicolae_vaults_tetromino_T_1, layout_vaults_omnicross, serial_shops,
          bzr_entry_gold
Vaults:5: serial_shops
Crypt:1:  layout_catacombs, uniq_aizul, uniq_jory, uniq_margery, uniq_bai_suzhen
Crypt:2:  cheibrodos_crypt_cold_storage, layout_rooms, basic_altar,
          grunt_ministairs_9, minmay_misc_feat_ornament, grunt_megastairs_5
Crypt:3:  lightli_unholy_cathedral, layout_chaotic_city,
          gammafunk_ghost_cemetery, hangedman_feature_mirror,
          grunt_megastairs_3, uniq_saint_roka, uniq_josephina
Tomb:1:   uniq_khufu
Tomb:2
Tomb:3
Depths:1: layout_roguey, grunt_metal_band, minmay_tree_intersection,
          nicolae_transporter_circle, firewood_loft, minmay_shoptagon,
          uniq_enchantress
Depths:2: regret_index_dithmenos_brocken_genspenst, layout_cave_shapes,
          rand_demon_pan_entry_4, hell_entry, tgw_sif,
          infiniplex_staircase_star, uniq_mara
Depths:3: evilmike_diamond_2, layout_honeycomb, enter_ziggurat_e, abyss_entry,
          serial_sigils_hangedman_shear, serial_shops,
          nicolae_shop_tiny_statue_garden, hell_entry, tso_altar,
          infiniplex_staircase_trident
Depths:4: grunt_x_marks_the_spot, layout_gridlike, pf_coc_iceberg,
          fedhas_altar_3, minmay_misc_feat_roman, kennysheep_random_hallway
Hell
Dis:1:    layout_jigsaw
Dis:2:    layout_overlapping_boxes
Dis:3:    layout_subdivisions
Dis:4:    layout_regular_city
Dis:6:    layout_gridville
Dis:7:    dis_grunt_layers
Geh:1:    nicolae_geh_split_lavaduct, layout_gehenna_pools_triple
Geh:2:    layout_gehenna_lava_caves, nicolae_hells_seeping_fissure
Geh:3:    layout_gehenna_pools_basic, nicolae_hells_fiendish_ambush
Geh:4:    layout_gehenna_lava_caves
Geh:5:    layout_gehenna_pools_basic
Geh:6:    layout_gehenna_lava_caves
Geh:7:    geh_mu
Coc:1:    layout_ice_bergs
Coc:2:    layout_cocytus_delve
Coc:3:    nicolae_coc_three_mouths, layout_ice_bergs
Coc:6:    layout_cocytus_water_paths
Coc:7:    coc_hangedman
Tar:1:    layout_catacombs, evilmike_ambush [evilmike_ambush_outer_corners,
          evilmike_ambush_inner_basic]
Tar:2:    layout_cathedral_of_symmetry
Tar:3:    layout_grid_maze, nicolae_tar_spectre_spectrum
Tar:4:    layout_grid_maze, nicolae_tar_stay_or_leave
Tar:5:    hangedman_restless_catacombs
Tar:6:    layout_catacombs, nicolae_tar_windowcombs
Tar:7:    tar_grunt_cathedral
Zot:1:    kennysheep_room_grid, layout_basic
Zot:2:    layout_misc_corridors, st_single_dragon_hoard_4
Zot:3:    layout_concentric_octagons
Zot:4:    grunt_deathspiral_small, layout_cathedral_of_symmetry
Zot:5:    layout_onion

Skill      XL: |  1  2  3  4  5  6  7  8  9 10 11 12 13 14 15 16 17 18 19 20 21 22 23 24 25 26 27 |
---------------+----------------------------------------------------------------------------------+-----
Axes           | 1 2 3 5 7 9 10 13 14 16 17 19 21 22 24 25 26 27 | 27.0
Fighting       | 2 4 5 6 7 9 10 11 12 14 15 16 17 19 20 22 23 24 26 27 | 27.0
Armour         | 3 6 7 8 9 10 12 14 16 17 20 27 | 27.0
Shields        | 3 6 7 8 9 10 13 15 17 18 19 20 27 | 27.0
Dodging        | 3 6 7 8 9 10 11 12 14 15 27 | 27.0
Invocations    | 2 5 6 8 10 11 12 13 15 27 | 27.0
Shapeshifting  | 12 15 18 27 | 27.0
Throwing       | 20 | 20.0
Stealth        | 19 | 19.4
Unarmed Combat | |  3.2

Action                     |  1- 3 |  4- 6 |  7- 9 | 10-12 | 13-15 | 16-18 | 19-21 | 22-24 | 25-27 || total
---------------------------+-------+-------+-------+-------+-------+-------+-------+-------+-------++-------
  Melee: Unarmed           |    66 |    21 |       |       |     3 |       |       |       |       ||    90
         Headbutt          |    13 |    22 |    60 |    81 |   174 |   301 |   286 |   336 |  2334 ||  3607
         Punch             |     2 |     2 |     3 |       |       |       |       |       |       ||     7
         Flail             |       |    64 |       |       |       |       |       |       |       ||    64
         War axe           |       |    47 |   276 |       |       |       |       |       |       ||   323
         Broad axe         |       |       |     1 |   366 |   781 |  1080 |   992 |  1032 |  6486 || 10738
 Invoke: Heroism           |       |       |       |     3 |     2 |     6 |     9 |     6 |     8 ||    34
         Finesse           |       |       |       |       |       |     2 |     2 |     3 |    28 ||    35
Ability: Begin Untransform |       |     1 |       |       |       |       |       |       |    21 ||    22
         Siphon Essence    |       |       |       |       |       |       |       |       |    11 ||    11
  Evoke: Wand              |       |       |     1 |       |       |    18 |       |       |     2 ||    21
    Use: Potion            |       |     2 |     5 |     1 |     2 |     3 |     4 |     5 |    55 ||    77
         Scroll            |       |     7 |    11 |     9 |     7 |     9 |     5 |    12 |    38 ||    98
   Stab: Distracted        |       |     1 |       |       |       |       |       |     1 |     2 ||     4
         Petrified         |       |       |       |     1 |       |       |       |       |       ||     1
 Armour: Animal skin       |     2 |       |       |       |       |       |       |       |       ||     2
         Ring mail         |    11 |    20 |       |       |       |       |       |       |       ||    31
         Skin              |       |    31 |       |       |       |       |       |       |       ||    31
         Plate armour      |       |    34 |   106 |   149 |   333 |   441 |   348 |    55 |       ||  1466
         Storm dragon scal |       |       |       |       |       |       |       |   316 |   898 ||  1214
         Gold dragon scale |       |       |       |       |       |       |       |       |   628 ||   628
  Dodge: Dodged            |    32 |    60 |   110 |   192 |   470 |   609 |   519 |   611 |  2767 ||  5370
  Block: Buckler           |       |       |    35 |   115 |   180 |    36 |       |       |       ||   366
         Kite shield       |       |       |       |       |       |   589 |   639 |   670 |  4160 ||  6058
         Reflection        |       |       |       |       |       |       |     1 |       |       ||     1
   Form: Death             |       |       |       |       |       |       |       |       |    22 ||    22
         Statue            |       |       |       |       |       |       |       |       |     1 ||     1
         Storm             |       |       |       |       |       |       |       |       |     1 ||     1

Table legend: (Time is in decaauts)
 A = Elapsed time spent in this place.
 B = Non-inter-level travel time spent in this place.
 C = Inter-level travel time spent in this place.
 D = Time resting spent in this place.
 E = Time spent auto-exploring this place.
 F = Levels seen in this place.
 G = Mean time per level.
                   A        B        C        D        E       F      G
               +--------+--------+--------+--------+--------+-----+--------+
         Total |  75927 |  65694 |  10233 |   1465 |  40519 | 134 |  566.6 |
       Dungeon |  14533 |  11329 |   3204 |    327 |   8090 |  15 |  968.9 |
        Temple |      1 |      1 |      0 |      0 |      0 |   1 |    1.0 |
          Lair |   5990 |   4920 |   1070 |    111 |   3965 |   5 | 1198.0 |
        Shoals |   3778 |   3419 |    359 |      8 |   2281 |   4 |  944.5 |
   Spider Nest |   3551 |   3383 |    168 |     97 |   2214 |   4 |  887.8 |
    Slime Pits |   2270 |   2125 |    145 |     18 |   1480 |   5 |  454.0 |
  Orcish Mines |   1550 |   1362 |    188 |     63 |    816 |   2 |  775.0 |
   Elven Halls |   3437 |   3128 |    309 |      0 |   2255 |   3 | 1145.7 |
        Vaults |   8102 |   6545 |   1557 |    120 |   4689 |   5 | 1620.4 |
         Crypt |   3182 |   2792 |    390 |      0 |   1977 |   3 | 1060.7 |
          Tomb |   2643 |   2330 |    313 |      0 |    920 |   3 |  881.0 |
        Depths |   5744 |   4284 |   1460 |      0 |   2965 |   4 | 1436.0 |
          Hell |    703 |    524 |    179 |      0 |    314 |   1 |  703.0 |
           Dis |   1350 |   1243 |    107 |      9 |    592 |   6 |  225.0 |
       Gehenna |   1477 |   1208 |    269 |      0 |    509 |   7 |  211.0 |
       Cocytus |    995 |    937 |     58 |      0 |    405 |   5 |  199.0 |
      Tartarus |   1513 |   1455 |     58 |      0 |    751 |   7 |  216.1 |
           Zot |   6028 |   5634 |    394 |    279 |   3576 |   5 | 1205.6 |
         Abyss |    958 |    958 |      0 |      0 |    285 |   4 |  239.5 |
   Pandemonium |   4264 |   4264 |      0 |      0 |   1959 |  15 |  284.3 |
      Ziggurat |   2825 |   2825 |      0 |    266 |    165 |  27 |  104.6 |
        Bazaar |     99 |     99 |      0 |      0 |     60 |   1 |   99.0 |
       Ossuary |    575 |    575 |      0 |    167 |    170 |   1 |  575.0 |
        Bailey |    350 |    350 |      0 |      0 |     74 |   1 |  350.0 |
               +--------+--------+--------+--------+--------+-----+--------+

Top non-repeatable levels by time:
Vaults:3: 2011 daAuts
   Zot:4: 1927 daAuts
    D:11: 1910 daAuts
Vaults:5: 1658 daAuts
Vaults:2: 1655 daAuts
Depths:3: 1606 daAuts
  Tomb:1: 1487 daAuts
Depths:2: 1479 daAuts
  Lair:5: 1451 daAuts
Depths:4: 1431 daAuts
Vaults:1: 1407 daAuts
  Lair:1: 1405 daAuts
Vaults:4: 1368 daAuts
   Zot:1: 1331 daAuts
    D:15: 1328 daAuts
